 Dungeon Crawl Stone Soup version 0.28.0-62-gf88900778d (webtiles) character file.

Game seed: 16444236761399626172

423494 Nonny the Ruinous (level 23, -13/156 HPs)
             Began as a Tengu Air Elementalist on Apr 14, 2023.
             Was a High Priest of Jiyva.
             Mangled by a deep elf blademaster
             ... wielding a +1 rapier of venom
              (20 damage)
             ... on level 2 of the Elven Halls on Apr 15, 2023.
             The game lasted 06:12:24 (44954 turns).

Nonny the Ruinous (Tengu Air Elementalist)         Turns: 44954, Time: 06:12:25

Health: -13/156    AC: 11    Str:  9    XL:     23   Next: 3%
Magic:  39/39      EV: 29    Int: 32    God:    Jiyva [*****.]
Gold:   2694       SH: 16    Dex: 18    Spells: 6/44 levels left

rFire   + . .      SeeInvis +   k - staff of air
rCold   + + +      Faith    .   t - +2 kite shield {rN+}
rNeg    + + +      Spirit   .   l - +0 robe "Pomoluku" {Int+5}
rPois   +          Reflect  .   s - +2 hat {Stlth+}
rElec   +          Harm     .   m - scarf {rC+ rF+}
rCorr   +          Rampage  .   o - +1 pair of gloves {Stlth+}
Will    +++++      Clarity  +   (boots unavailable)
Stlth   +++++++++.              T - amulet of the Four Winds {rN+ Will+++ Clar}
HPRegen 1.80/turn               y - ring of Asixohiv {rElec rPois rN+ Will+ AC+4}
MPRegen 0.71/turn               L - ring "Usacyu" {rElec rC+ Will+ Int+2}

@: lethally poisoned (-13 -> -33), flying quickly and evasively, studying
Unarmed Combat, quick
A: beak, talons 3, nimble flight, horns 1, iridescent scales 1, camouflage 2,
see invisible, agile 1, clarity, cold resistance 1, sense surroundings 1, poison
resistance, acidic bite, eyeballs 3, pseudopods 1, tendrils, MP-powered wands
}: 4/15 runes: decaying, serpentine, slimy, silver
a: Renounce Religion, Oozemancy, Slimify


You were on level 2 of the Elven Halls.
You worshipped Jiyva.
Jiyva was extremely pleased with you.
You visited 9 branches of the dungeon, and saw 45 of its levels.
You also visited: Ossuary, Ice Cave and Desolation.

You collected 4764 gold pieces.
You spent 2070 gold pieces at shops.

Inventory:

Missiles
 A - 4 atropa-tipped darts
 D - 5 curare-tipped darts
Armour
 i - +0 shadow dragon scales
 l - the +0 robe "Pomoluku" (worn) {Int+5}
   (You found it on level 3 of the Dungeon)

   Int:       It affects your intelligence (+5).
 m - a scarf of resistance (worn)
 o - a +1 pair of gloves of stealth (worn)
 s - a +2 hat of stealth (worn)
 t - a +2 kite shield of positive energy (worn)
 M - a +0 troll leather armour
Magical Staves
 k - a staff of air (weapon)
 H - a staff of fire
 O - a staff of conjuration
 X - a staff of cold
Jewellery
 y - the ring of Asixohiv (left hand) {rElec rPois rN+ Will+ AC+4}
   (You found it in the Desolation of Salt)

   [ring of protection]

   AC:        It affects your AC (+4).
   rElec:     It insulates you from electricity.
   rPois:     It protects you from poison.
   rN:        It protects you from negative energy.
   Will:      It increases your willpower.
 L - the ring "Usacyu" (right hand) {rElec rC+ Will+ Int+2}
   (You found it in the Desolation of Salt)

   [ring of protection from cold]

   Int:       It affects your intelligence (+2).
   rC:        It protects you from cold.
   rElec:     It insulates you from electricity.
   Will:      It increases your willpower.
 S - a ring of resist corrosion
 T - the amulet of the Four Winds (around neck) {rN+ Will+++ Clar}
   (You took it off a vault guard on level 5 of the Vaults)

   [amulet of nothing]

   rN:        It protects you from negative energy.
   Clar:      It protects you against confusion.
   Will:      It greatly increases your willpower.
 W - the ring "Fukunnocs" {Fire Will+ Int+3 Dex-3}
   (You found it on level 5 of the Pits of Slime)

   [ring of fire]

   It enhances your fire magic.
   Int:       It affects your intelligence (+3).
   Dex:       It affects your dexterity (-3).
   rF:        It protects you from fire.
   rC:        It makes you vulnerable to cold.
   Will:      It increases your willpower.
Wands
 a - a wand of charming (2)
 d - a wand of mindburst (12)
 g - a wand of paralysis (17)
 p - a wand of flame (21)
 q - a wand of digging (35)
 E - a wand of iceblast (3)
 G - a wand of polymorph (19)
Scrolls
 c - 6 scrolls of teleportation
 h - a scroll of summoning
 n - 7 scrolls of fog
 w - 4 scrolls of immolation
 x - 4 scrolls of amnesia
 C - a scroll of enchant armour
 P - a scroll of holy word
 Q - a scroll of silence
 Y - 4 scrolls of fear
Potions
 b - 3 potions of attraction
 e - 11 potions of curing
 f - 3 potions of invisibility
 j - 10 potions of brilliance
 r - 2 potions of heal wounds
 u - 4 potions of magic
 v - 7 potions of might
 z - a potion of mutation
 F - a potion of resistance
 I - 4 potions of haste
 N - a potion of ambrosia
 V - a potion of berserk rage
Miscellaneous
 K - a phantom mirror
 U - a condenser vane


   Skills:
 + Level 19.8 Fighting
 - Level 12.3 Staves
 - Level 3.3 Armour
 + Level 19.4 Dodging
 - Level 12.0 Stealth
 - Level 16.0 Shields
 - Level 11.0 Spellcasting
 - Level 21.0 Conjurations
 + Level 14.0 Air Magic
 - Level 6.0 Evocations


You had 6 spell levels left.
You knew the following spells:

 Your Spells              Type           Power      Damage    Failure   Level
a - Shock                 Conj/Air       100%       1d9       0%          1
b - Static Discharge      Conj/Air       100%       N/A       0%          2
c - Swiftness             Air            100%       N/A       1%          3
d - Airstrike             Air            51%        N/A       1%          4
e - Poisonous Vapours     Pois/Air       100%       N/A       1%          2
f - Mephitic Cloud        Conj/Pois/Air  95%        N/A       1%          3
g - Lightning Bolt        Conj/Air       57%        1d79      1%          5
h - Orb of Destruction    Conj           50%        9d13      1%          7
i - Freezing Cloud        Conj/Ice/Air   47%        6-21      1%          5
j - Conjure Ball Lightni  Conj/Air       57%        3x3d21    1%          6

Your spell library contained the following spells:

 Spells                   Type           Power      Damage    Failure   Level
 Magic Dart               Conj           100%       1d8       0%          1
 Foxfire                  Conj/Fire      100%       2x1d9     1%          1
 Conjure Flame            Conj/Fire      71%        6-21      1%          3
 Stone Arrow              Conj/Erth      100%       3d13      1%          3
 Flame Wave               Conj/Fire      71%        2d13      1%          4
 Hailstorm                Conj/Ice       71%        3d15      1%          4
 Sticky Flame             Conj/Fire      71%        2d8       1%          4
 Irradiate                Conj/Tmut      35%        3d25      1%          5
 Iskenderun's Battlesphe  Conj           100%       2d15      1%          5
 Apportation              Tloc           34%        N/A       4%          1
 Slow                     Hex            68%        N/A       4%          1
 Sting                    Tmut/Pois      68%        1d6       4%          1
 Blink                    Tloc           34%        N/A       7%          2
 Call Imp                 Summ           17%        N/A       7%          2
 Scorch                   Fire           34%        2d6       7%          2
 Sublimation of Blood     Necr           17%        N/A       7%          2
 Wereblood                Tmut           17%        N/A       7%          2
 Starburst                Conj/Fire      35%        6d10      10%         6
 Call Canine Familiar     Summ           17%        N/A       14%         3
 Confusing Touch          Hex            17%        N/A       14%         3
 Ignite Poison            Fire/Tmut/Pois 17%        N/A       14%         3
 Portal Projectile        Hex/Tloc       34%        N/A       14%         3
 Summon Guardian Golem    Hex/Summ       17%        N/A       14%         3
 Vampiric Draining        Necr           17%        2d7       14%         3
 Animate Armour           Summ/Erth      34%        N/A       41%         4
 Dispel Undead            Necr           17%        3d10      41%         4
 Leda's Liquefaction      Hex/Erth       8%         N/A       41%         4
 Olgreb's Toxic Radiance  Pois           17%        N/A       41%         4
 Summon Ice Beast         Ice/Summ       17%        N/A       41%         4
 Alistair's Intoxication  Tmut/Pois      11%        N/A       77%         5
 Borgnjor's Vile Clutch   Necr/Erth      8%         N/A       77%         5
 Metabolic Englaciation   Hex/Ice        8%         N/A       77%         5
 Summon Forest            Summ/Tloc      8%         N/A       77%         5
 Summon Mana Viper        Hex/Summ       17%        N/A       77%         5
 Dispersal                Tloc           8%         N/A       100%        6
 Eringya's Noxious Bog    Tmut/Pois      8%         N/A       100%        6
 Summon Cactus Giant      Summ           8%         N/A       100%        6
 Spellforged Servitor     Conj/Summ      35%        N/A       45%         7
 Maxwell's Capacitive Co  Air            51%        ∞         67%         8
 Lehudib's Crystal Spear  Conj/Erth      35%        10d9      99%         8
 Monstrous Menagerie      Summ           8%         N/A       100%        7
 Ozocubu's Refrigeration  Ice            8%         4d6       100%        7
 Summon Hydra             Summ           8%         N/A       100%        7
 Disjunction              Tloc           8%         N/A       100%        8
 Ignition                 Fire           8%         3d5       100%        8
 Fire Storm               Conj/Fire      35%        8d9       100%        9


Dungeon Overview and Level Annotations

Branches:
Dungeon (15/15)            Temple (1/1) D:5            Lair (6/6) D:9
  Swamp (4/4) Lair:3        Snake (4/4) Lair:3        Slime (5/5) Lair:5
    Orc (2/2) D:12            Elf (3/3) Orc:2        Vaults (5/5) D:13
  Crypt (0/3) Vaults:3     Depths (0/4) D:15        Ossuary (visited)
  IceCv (visited)         Desolation (visited)

Altars:
Ashenzari
Cheibriados
Dithmenos
Elyvilon
Fedhas
Gozag
Hepliaklqana
Kikubaaqudgha
Makhleb
Nemelex Xobeh
Okawaru
Qazlal
Ru
Sif Muna
Trog
Uskayaw
Vehumet
Wu Jian
Xom
Yredelemnul
Zin
The Shining One
Jiyva

Shops:
D:3 [   D:7 *   D:13 (   D:15 [   Orc:2 !((   Snake:2 =   Snake:3 :(!=[
Vaults:3 :

Portals:
Trove: D:13 (give +3 gold dragon scales)

Annotations:
D:7 1 runed translucent door, Crazy Yiuf
Slime:5 Royal Jelly
Elf:2 2 runed translucent doors
Vaults:2 2 transporters, Coron's ghost, adept DDDe; Mara


Innate Abilities, Weirdness & Mutations

You have a beak for a mouth.
You have claws for feet.
Your magical nature lets you fly swiftly and evasively.
You have a pair of small horns on your head.
You are partially covered in iridescent scales. (AC +2)
Your skin blends seamlessly with your surroundings (Stealth++).
You have supernaturally acute eyesight. (SInv)
You are agile. (Dex +2)
You possess an exceptional clarity of mind.
Your flesh is cold resistant. (rC+)
You passively map a small area around you.
Your system is resistant to poisons. (rPois)
You have acidic saliva.
Your body is covered in eyes which may confuse attackers. (Acc +7, SInv)
Armour fits poorly on your pseudopods.
You are covered in slimy tendrils that may disarm your opponents.
You expend magic power (3 MP) to strengthen your wands.


Message History

The deep elf blademaster hits you with a +1 rapier of venom!
The deep elf blademaster closely misses you.
You fly upwards.
Level annotation: 2 runed translucent doors
Found a scroll of fear.
There is a stone staircase leading down here.
Unknown command.
You completely miss the deep elf blademaster.
Your kick misses the deep elf blademaster.
You headbutt the deep elf blademaster.
Your peck misses the deep elf blademaster.
You bludgeon the deep elf blademaster.
The deep elf blademaster is moderately wounded.
You block the deep elf blademaster's attack.
The deep elf blademaster hits you with a +1 rapier of venom!!
Your tendrils lash around the deep elf blademaster's +1 rapier of venom and pull it to the ground!
Unknown command.
Unknown command.
Unknown command.
The deep elf blademaster wields a +1 rapier of venom.
It begins to drip with poison!
You block the deep elf blademaster's attack. x2
You hear a distant slurping noise.
The deep elf blademaster misses you.
The deep elf blademaster hits you with a +1 rapier of venom!!
* * * LOW HITPOINT WARNING * * *
You are poisoned.
You feel very sick.
You hear a distant slurping noise.
You feel sick.
You block the deep elf blademaster's attack.
The deep elf blademaster hits you with a +1 rapier of venom!!
* * * LOW HITPOINT WARNING * * *
You are lethally poisoned!
There is a stone staircase leading up, spattered with blood here.
* * * LOW HITPOINT WARNING * * *
You feel extremely sick.
The deep elf blademaster barely misses you.
The deep elf blademaster hits you with a +1 rapier of venom!!
You die...

......# ##..###
#...............
......###.##.##
#)...####......#
.....###.####.## ##..##
########
##.#.......###.## ####
##...>.....###.#######
#...................#* *
#[....<...#####.^.##.#..
#.).......#####....##...
*
##............@.........
, ,
#####.######.e.........
##........(........
######........... * *
#..........., *
##..>....... *
##......... , ##......?8
, ##....... ,


You could see a deep elf blademaster and a +2 vorpal battleaxe.

Vanquished Creatures
  Vashnia (Snake:4)
  2 golden dragons (Vaults:5)
  2 tentacled monstrosities (Vaults:5)
  2 liches
  Rupert (Orc:2)
  A deep elf blademaster (Elf:1)
  2 quicksilver dragons (Vaults:5)
  A deep elf master archer (Elf:1)
  4 titans
  3 sphinxes
  Kirke (Swamp:1)
  3 thorn hunters (Swamp:4)
  2 shadow dragons
  A fenstrider witch (Swamp:1)
  5 tengu reavers
  2 nagarajas
  A fire giant (Vaults:5)
  2 storm dragons (Vaults:5)
  4 frost giants
  3 deep elf sorcerers
  An angel (Vaults:3)
  15 vault wardens
  2 imperial myrmidons (Desolation)
  2 iron dragons (Vaults:5)
  An orc warlord (Vaults:2)
  A ghoul (Swamp:3)
  14 ironbound preservers
  5 stone giants
  17 very ugly things
  5 war gargoyles
  7 ironbound thunderhulks
  4 deep elf demonologists
  An eleionoma (Swamp:2)
  5 bunyips
  3 deep elf annihilators
  2 halazid warlocks (Desolation)
  A white draconian (IceCv)
  11 dire elephants
  4 entropy weavers
  5 ettins (Vaults:5)
  Snorg (Lair:6)
  6 deep elf death magi
  3 crystal guardians
  A shambling mangrove (Swamp:3)
  A deep elf high priest (Vaults:5)
  6 ragged hierophants (Desolation)
  10 yaktaur captains
  11 servants of whispers (Desolation)
  25 hydras
  A rakshasa (Vaults:4)
  8 naga warriors
  33 vault guards
  7 peacekeepers
  Fannar (D:11)
  A ghost crab (Swamp:4)
  5 salamander tyrants
  3 boulder beetles
  2 catoblepae
  The ghost of Uhurruth the Cleaver, a novice HOFi of Okawaru (Lair:2)
  Erica (Orc:1)
  7 ironbound frosthearts
  13 anacondas
  7 alligators
  4 two-headed ogres
  2 centaur warriors
  4 ogre magi
  A tengu warrior (D:13)
  6 death yaks (Lair:3)
  A deep troll earth mage (Vaults:4)
  A death knight (D:15)
  9 dancing weapons
  5 shock serpents
  2 spriggan berserkers
  7 deep elf knights
  13 naga sharpshooters
  4 orc high priests (Orc:2)
  A spectral dire elephant (Lair:6)
  Nergalle (Lair:3)
  7 salamander mystics
  A spectral death yak (Lair:6)
  5 skeletal warriors (D:12)
  A spectral anaconda (Lair:6)
  16 sea snakes
  5 goliath frogs
  A spriggan druid (Swamp:2)
  42 deep trolls
  7 swamp dragons
  A shadow wraith (Vaults:5)
  12 bog bodies
  An obsidian statue (Lair:6)
  7 wizards
  7 deep elf archers
  7 naga ritualists
  2 phantasmal warriors (Vaults:5)
  5 harpies (Vaults:2)
  9 ironbound convokers
  16 lindwurms
  4 orc knights
  11 deep elf zephyrmancers
  14 mana vipers
  3 manticores
  17 deep elf pyromancers
  4 necromancers
  3 cyclopes
  A moth of wrath (Lair:2)
  2 orc sorcerers
  2 will-o-the-wisps (Swamp:3)
  22 ugly things
  30 elephants
  17 naga magi
  17 vault sentinels
  2 torpor snails
  15 salamanders
  31 black mambas
  10 guardian serpents
  A molten gargoyle (Desolation)
  2 ice statues (IceCv)
  2 unseen horrors (D:11)
  11 cane toads
  3 freezing wraiths (Vaults:5)
  7 komodo dragons
  10 rime drakes
  5 kobold demonologists
  A tengu conjurer (D:13)
  2 efreet (D:13)
  26 yaktaurs
  A troll (shapeshifter) (D:13)
  6 meliai
  7 trolls
  2 bloated husks
  9 hornets
  A polar bear (Lair:6)
  8 tyrant leeches
  2 tarantellas
  65 saltlings (Desolation)
  2 spectral elephants (Lair:6)
  3 dream sheep (Lair:3)
  19 blink frogs
  An air elemental (Elf:1)
  2 shadows
  A water elemental (Elf:2)
  A culicivora (Vaults:4)
  A vampire (D:13)
  The ghost of RobertJustice1 the Ruffian, an amateur TrWr (D:4)
  5 basilisks
  52 yaks
  9 spriggans
  2 wyverns
  4 hogs (Swamp:1)
  A fire elemental (Elf:1)
  5 wraiths
  A human (D:9)
  5 redbacks
  2 vampire mosquitoes (D:12)
  2 steam dragons
  4 wargs
  2 death yak simulacra (Lair:6)
  Menkaure (D:4)
  20 water moccasins
  49 nagas
  2 acid dragons
  17 swamp worms
  2 sky beasts
  11 swamp drakes
  4 black bears
  30 orc warriors
  2 necrophages
  9 wolves
  5 boggarts
  5 ogres
  7 centaurs
  3 phantoms (D:6)
  21 bullfrogs
  10 kobold brigands
  2 cane toad simulacra (Lair:6)
  2 gnoll sergeants
  3 scorpions
  A water moccasin skeleton (D:5)
  9 killer bees
  5 lindwurm simulacra (IceCv)
  3 elephant simulacra (Lair:6)
  8 wights (D:8)
  2 howler monkeys
  3 electric eels
  3 centaur zombies
  3 quasits (D:4)
  5 jellies
  3 komodo dragon simulacra (IceCv)
  3 hounds
  A human zombie (Ossuary)
  19 orc priests
  3 centaur skeletons
  Jessica (D:2)
  A gnoll shaman (D:9)
  Natasha (thrice) (D:3)
  3 iguanas
  35 orc wizards
  A killer bee zombie (D:5)
  2 ogre zombies (Ossuary)
  A hound zombie (D:5)
  5 mummies (Ossuary)
  13 gnolls
  2 howler monkey skeletons
  5 acid dragon simulacra (IceCv)
  6 adders
  8 steam dragon simulacra (IceCv)
  2 adder zombies (Ossuary)
  4 worms
  A dart slug (D:5)
  72 orcs
  3 bats
  4 endoplasms
  2 giant cockroaches (D:2)
  14 goblins
  3 hobgoblins (D:3)
  2 jackals (D:1)
  23 kobolds
  4 quokkas
  2 ball pythons (D:3)
  A frilled lizard (D:1)
  4 goblin zombies
  4 hobgoblin zombies (Ossuary)
  5 kobold zombies (Ossuary)
  3 orc zombies
  6 quokka zombies (Ossuary)
  4 rats
  3 rat zombies (Ossuary)
  A briar patch (Swamp:4)
1546 creatures vanquished.

Vanquished Creatures (collateral kills)
  A titan (Vaults:5)
  Gastronok (D:9)
  A vault warden (Vaults:2)
  An ironbound preserver (Vaults:2)
  A war gargoyle (Vaults:2)
  A deep elf annihilator (Elf:3)
  An eleionoma (Swamp:3)
  2 dire elephants (Lair:6)
  A deep elf death mage (Elf:3)
  Josephine (Lair:4)
  A yaktaur captain (Vaults:2)
  A naga warrior (Snake:4)
  2 boulder beetles (D:12)
  2 hydras (Swamp:4)
  An alligator (Swamp:4)
  2 death yaks (Lair:3)
  A spriggan druid (Swamp:3)
  2 necromancers (Lair:6)
  A vault sentinel (Vaults:2)
  3 elephants (Lair:6)
  A dire elephant zombie (Lair:6)
  A cane toad (Lair:3)
  A komodo dragon (Lair:3)
  3 yaktaurs
  2 tyrant leeches
  A blink frog (Lair:4)
  A wraith (Lair:4)
  A swamp worm (Swamp:3)
  An elephant simulacrum (Lair:6)
  A briar patch (Swamp:4)
40 creatures vanquished.

Vanquished Creatures (others)
  An acid blob (Snake:4)
  An azure jelly (Vaults:5)
  A deep elf sorcerer (Elf:3)
  A vault warden (Vaults:4)
  An ironbound preserver (Vaults:1)
  A yaktaur captain (Vaults:1)
  3 great orbs of eyes
  A ragged hierophant (Desolation)
  A peacekeeper (Desolation)
  A vault guard (Vaults:5)
  An anaconda (Snake:3)
  A radroach (shapeshifter) (Vaults:5)
  An ironbound frostheart (Vaults:1)
  A glowing orange brain (Vaults:3)
  A shock serpent (Snake:3)
  A deep elf knight (Elf:3)
  A salamander mystic (Snake:4)
  3 sea snakes (Snake:3)
  2 deep trolls (Vaults:1)
  A glowing orange brain (shapeshifter) (Vaults:4)
  An ironbound convoker (Desolation)
  A deep elf zephyrmancer (Elf:1)
  A harpy (shapeshifter) (Vaults:5)
  2 deep elf pyromancers
  An elephant (Lair:5)
  A naga mage (Snake:2)
  A guardian serpent (shapeshifter) (Vaults:2)
  A guardian serpent (Desolation)
  A black mamba (Snake:3)
  2 vault sentinels
  9 yaktaurs
  2 bloated husks (Swamp:1)
  A hornet (Swamp:4)
  7 saltlings (Desolation)
  35 slime creatures
  A slime creature (shapeshifter) (Vaults:5)
  A blink frog (Lair:4)
  A swamp worm (shapeshifter) (Vaults:5)
  2 vampire mosquitoes (D:12)
  A water moccasin (Lair:4)
  5 nagas
  A swamp drake (shapeshifter) (Vaults:5)
  A swamp drake (Swamp:4)
  An orc warrior (D:10)
  A black bear (D:7)
  A centaur (D:7)
  An ogre (D:6)
  5 wolves (Lair:4)
  2 bullfrogs
  A troll zombie (Ossuary)
  A howler monkey (D:7)
  285 jellies
  An iguana (shapeshifter) (Vaults:5)
  2 orc wizards
  2 mummies (Ossuary)
  A gnoll (D:6)
  2 gnolls (shapeshifter)
  4 orcs
  2 endoplasms (Lair:5)
  A hobgoblin zombie (Ossuary)
  A kobold (D:14)
  9 ball lightnings
  A bush (Lair:6)
  6 foxfires (Swamp:3)
  115 fungi
  227 plants
  38 withered plants
814 creatures vanquished.

Grand Total: 2400 creatures vanquished

Notes
Turn   | Place    | Note
-------+----------+-------------------------------------------
     0 | D:1      | Nonny the Tengu Air Elementalist began the quest for the
                  | Orb.
     0 | D:1      | Reached XP level 1. HP: 10/10 MP: 4/4
    70 | D:1      | Starting vault: crystal wall fort
   312 | D:1      | Reached XP level 2. HP: 15/15 MP: 4/6
   327 | D:1      | Learned a level 2 spell: Static Discharge
   433 | D:1      | +1 helmet in southeastern hallway
   553 | D:1      | 6 poisoned darts in southwestern room.
   594 | D:1      | Reached skill level 5 in Air Magic
   696 | D:1      | Found a faded altar of an unknown god.
   904 | D:2      | staff of air :)
   912 | D:2      | Reached XP level 3. HP: 18/19 MP: 1/7
   916 | D:2      | Learned a level 3 spell: Swiftness
   926 | D:1      | D:2 uphatch leads to western D:1.
  1020 | D:2      | Great Wizards, Vol. II: spells Alistair's Intoxication,
                  | Borgnjor's Vile Clutch and Eringya's Noxious Bog
  1342 | D:2      | Noticed Jessica
  1347 | D:2      | Killed Jessica
  1348 | D:2      | Reached XP level 4. HP: 23/24 MP: 3/8
  1445 | D:3      | UKIDEA FEANO - teleportation
  1463 | D:3      | dark potion - heal wounds
  1463 | D:3      | BUSMANOC OTEU - identify
  1464 | D:3      | sedimented silvery potion - degeneration
  1511 | D:3      | Noticed Natasha
  1520 | D:3      | Killed Natasha
  1634 | D:3      | Identified the +0 robe "Pomoluku" {Int+5}
  1661 | D:3      | Artifact robe in stone wall vault. Has a circle of trees
                  | vaguely shaped like the star of David in the center.
  1826 | D:3      | Found Zikhote's Antique Armour Boutique.
  1911 | D:3      | Noticed Natasha
  1914 | D:3      | Killed Natasha
  1915 | D:3      | Gained mutation: Your magical nature lets you fly swiftly
                  | and evasively. [Tengu growth]
  1915 | D:3      | Reached XP level 5. HP: 25/28 MP: 5/9
  2115 | D:3      | Goblin gathering in southern 8 statue chamber.
  2196 | D:3      | Noticed Natasha
  2200 | D:3      | Killed Natasha
  2295 | D:3      | Found a glowing golden altar of the Shining One.
  2501 | D:4      | FIXURITTOE - fog
  2502 | D:4      | NOMOXT VIMP - noise
  2503 | D:4      | ZEARCHOCROI - magic mapping
  2539 | D:3      | Reached XP level 6. HP: 17/33 MP: 5/10
  2610 | D:4      | Reached skill level 1 in Fighting
  2610 | D:4      | Reached skill level 1 in Staves
  2610 | D:4      | Reached skill level 1 in Evocations
  2822 | D:4      | Noticed Menkaure
  2875 | D:4      | Learned a level 4 spell: Airstrike
  3041 | D:4      | scarf of resistance
  3055 | D:4      | Noticed RobertJustice1's ghost (amateur TrWr)
  3085 | D:4      | Reached XP level 7. HP: 18/39 MP: 4/12
  3343 | D:4      | FIRST OGRE KILL
  3391 | D:4      | Found a transporter.
  3524 | D:4      | Found a transporter.
  3542 | D:5      | Entered Level 5 of the Dungeon
  3752 | D:5      | bubbling white potion - curing
  3772 | D:5      | +3 whip of electrocution
  3817 | D:5      | Shadow dragon scales
  3822 | D:5      | Reached XP level 8. HP: 41/46 MP: 9/14
  4152 | D:5      | Book of Armaments
  4165 | D:5      | Identified the +1 plate armour "Axaclah" {Harm Rampage}
  4168 | D:5      | murky yellow potion - brilliance
  4454 | D:5      | Book of Dangerous Friends: Summon Guardian Golem, Orb of
                  | Destruction, and Spellforged Servitor
  4660 | D:5      | Found a staircase to the Ecumenical Temple.
  4803 | Temple   | Entered the Ecumenical Temple
  4940 | Temple   | Became a worshipper of Jiyva Joyrufac the Shapeless
  4987 | D:6      | Reached skill level 5 in Staves
  4990 | D:6      | Noticed a hornet
  5100 | D:6      | Some kind of trees and deep water vault.
  5116 | D:6      | Found a broken altar of Ashenzari.
  5117 | D:6      | Found a shadowy altar of Dithmenos.
  5119 | D:6      | Found a blossoming altar of Fedhas.
  5155 | D:6      | Reached XP level 9. HP: 45/53 MP: 3/16
  5202 | D:6      | That was bloody close!
  5259 | D:6      | Reached * piety under Jiyva
  5272 | D:6      | Reached skill level 5 in Fighting
  5272 | D:6      | Almost dead again already.
  5272 | D:6      | Water moccasins are a pain.
  5304 | D:6      | Found an opulent altar of Gozag.
  5385 | D:6      | fuming cyan potion - flight
  5441 | D:6      | Killed a hornet
  5533 | D:6      | Reached skill level 5 in Dodging
  5677 | D:7      | First orc warrior.
  5757 | D:7      | Found a hide-covered altar of Uskayaw.
  5762 | D:7      | Found a sand-covered staircase.
  5779 | Ossuary  | Entered an ossuary
  5998 | Ossuary  | Reached ** piety under Jiyva
  6078 | Ossuary  | QAFULU ISTUG - enchant weapon
  6264 | D:7      | Found an ancient bone altar of Kikubaaqudgha.
  6409 | D:7      | Found Xiahist's Overcharged Wands.
  6458 | D:7      | Found a runed translucent door.
  6459 | D:7      | Noticed Crazy Yiuf
  6697 | D:7      | >Crazy Yiuf screams, "Paint!"
  6710 | D:7      | blue potion - invisibility
  6727 | D:8      | Reached *** piety under Jiyva
  6769 | D:8      | Gained mutation: Your translucent skin slightly reduces
                  | your foes' accuracy. (Stealth+) [Jiyva's grace]
  6769 | D:8      | Gained mutation: Your translucent skin reduces your foes'
                  | accuracy. (Stealth+) [Jiyva's grace]
  6769 | D:8      | Gained mutation: Your transparent skin significantly
                  | reduces your foes' accuracy. (Stealth+) [Jiyva's grace]
  6769 | D:8      | Gained mutation: You are partially covered in iridescent
                  | scales. (AC +2) [Jiyva's grace]
  6829 | D:8      | Reached skill level 10 in Air Magic
  6835 | D:8      | Reached XP level 10. HP: 60/61 MP: 4/17
  6891 | D:8      | ring of willpower
  6903 | D:8      | Book of Scorching
  7137 | D:9      | silvery potion - attraction
  7152 | D:9      | Reached skill level 2 in Conjurations
  7162 | D:9      | Found a staircase to the Lair.
  7182 | D:9      | Reached skill level 3 in Conjurations
  7206 | D:9      | Reached skill level 4 in Conjurations
  7224 | D:9      | Found a runed translucent door.
  7226 | D:9      | Found a basalt altar of Yredelemnul.
  7258 | D:9      | Reached skill level 5 in Conjurations
  7321 | D:9      | Noticed Gastronok
  7387 | D:9      | Reached **** piety under Jiyva
  7428 | D:9      | Lots of yaks on this floor, on top of the Lair entrance
                  | vault.
  7448 | D:9      | Reached skill level 6 in Conjurations
  7478 | D:9      | PELAFU FITUGG - amnesia
  7578 | D:9      | Reached XP level 11. HP: 65/69 MP: 8/18
  7634 | D:9      | Found a bloodstained altar of Trog.
  7640 | D:9      | Found a shimmering altar of Xom.
  7901 | Lair:1   | Entered Level 1 of the Lair of Beasts
  7938 | Lair:1   | Reached skill level 7 in Conjurations
  8145 | Lair:1   | Gained mutation: You expend magic power (3 MP) to
                  | strengthen your wands. [Jiyva's grace]
  8145 | Lair:1   | Gained mutation: You are mostly covered in iridescent
                  | scales. (AC +4) [Jiyva's grace]
  8145 | Lair:1   | Gained mutation: You are completely covered in iridescent
                  | scales. (AC +6) [Jiyva's grace]
  8145 | Lair:1   | Gained mutation: You are agile. (Dex +2) [Jiyva's grace]
  8284 | Lair:1   | Reached ***** piety under Jiyva
  8386 | Lair:1   | Reached skill level 8 in Conjurations
  8709 | Lair:2   | XABBEQ EMIALL - fear
  8715 | Lair:2   | XOBRESAOGIU - holy word
  9002 | Lair:2   | Noticed a moth of wrath
  9003 | Lair:2   | Noticed Uhurruth's ghost (novice HOFi)
  9014 | Lair:2   | Found a transporter.
  9032 | Lair:2   | Found a transporter.
  9035 | Lair:2   | Noticed a six-headed hydra
  9110 | Lair:2   | black potion - haste
  9446 | Lair:3   | Noticed a four-headed hydra
  9486 | Lair:3   | Lost mutation: You are completely covered in iridescent
                  | scales. (AC +6) [Jiyva's grace]
  9486 | Lair:3   | Lost mutation: You are agile. (Dex +2) [Jiyva's grace]
  9486 | Lair:3   | Gained mutation: You are partially covered in large bone
                  | plates. (SH +4) [Jiyva's grace]
  9486 | Lair:3   | Gained mutation: You are mostly covered in large bone
                  | plates. (SH +6) [Jiyva's grace]
  9486 | Lair:3   | Gained mutation: You are completely covered in large bone
                  | plates. (SH +8) [Jiyva's grace]
  9486 | Lair:3   | Gained mutation: You have a pair of small horns on your
                  | head. [Jiyva's grace]
  9520 | Lair:2   | Killed a four-headed hydra
  9521 | Lair:2   | Reached skill level 10 in Dodging
  9521 | Lair:2   | Reached skill level 9 in Conjurations
  9596 | Lair:3   | KUIGRASCHOHE - blinking
  9646 | Lair:3   | Reached skill level 10 in Fighting
  9666 | Lair:3   | Noticed a death yak
  9670 | Lair:3   | Noticed a death yak
  9796 | Lair:3   | Killed a death yak
  9812 | Lair:3   | Noticed a death yak
  9812 | Lair:3   | Noticed a death yak
  9813 | Lair:3   | Noticed a death yak
  9863 | Lair:3   | Reached XP level 12. HP: 77/77 MP: 19/19
  9937 | Lair:3   | Reached skill level 5 in Stealth
  9944 | Lair:3   | Noticed a catoblepas
 10003 | Lair:3   | Killed a catoblepas
 10064 | Lair:3   | amulet of the acrobat
 10107 | Lair:3   | Reached ****** piety under Jiyva
 10262 | Lair:3   | Found a staircase to the Snake Pit.
 10289 | Lair:4   | Ice cave in southwest
 10331 | Lair:4   | +4 ring of slaying
 10355 | Lair:4   | Reached skill level 5 in Spellcasting
 10396 | Lair:4   | Found a frozen archway.
 10413 | Lair:4   | I do have a rC+ robe from D:5.
 10415 | IceCv    | Entered an ice cave
 10533 | IceCv    | Reached skill level 1 in Shields
 10578 | IceCv    | Noticed a white draconian
 10621 | IceCv    | Killed a white draconian
 10653 | IceCv    | amulet of magic regen
 10655 | IceCv    | ring of poison resistance rPois
 10942 | Lair:4   | fizzy brown potion - lignification
 10948 | Lair:4   | Noticed Josephine
 11074 | Lair:4   | Noticed an eight-headed hydra
 11083 | Lair:4   | Killed an eight-headed hydra
 11094 | Lair:4   | Noticed a four-headed hydra
 11170 | Lair:4   | Killed a four-headed hydra
 11390 | Lair:4   | Reached XP level 13. HP: 76/84 MP: 15/23
 11477 | Lair:4   | Lost mutation: Your transparent skin significantly reduces
                  | your foes' accuracy. (Stealth+) [Jiyva's grace]
 11477 | Lair:4   | Gained mutation: Your spells are a little harder to cast,
                  | but a little more powerful. [Jiyva's grace]
 11477 | Lair:4   | Gained mutation: Your spells are harder to cast, but more
                  | powerful. [Jiyva's grace]
 11477 | Lair:4   | Gained mutation: Your spells are much harder to cast, but
                  | much more powerful. [Jiyva's grace]
 11477 | Lair:4   | Gained mutation: Your mind is acute. (Int +2) [Jiyva's
                  | grace]
 11498 | Lair:4   | Killed Josephine
 11499 | Lair:4   | thank you rockslimes :)
 11861 | Lair:3   | Found a staircase to the Swamp.
 11870 | Lair:3   | Book of Debilitation
 11873 | Lair:3   | Noticed Nergalle
 11883 | Lair:3   | Killed Nergalle
 12036 | Lair:3   | Reached skill level 5 in Shields
 12200 | Lair:3   | Young Poisoner's Handbook
 12200 | Lair:3   | Identified the amulet of the Cicada {RegenMP Int+4}
 12215 | Lair:3   | Staff of poison
 12754 | Lair:6   | Entered Level 6 of the Lair of Beasts
 12782 | Lair:6   | Condenser vane
 12868 | Lair:6   | Noticed Snorg
 12955 | Lair:6   | Reached XP level 14. HP: 92/92 MP: 24/27
 13102 | Lair:6   | Noticed a dire elephant
 13230 | Lair:5   | Found a staircase to the Slime Pits.
 13293 | Slime:1  | Entered Level 1 of the Pits of Slime
 13301 | Slime:1  | 4 slime creatures in a pool of water to the south.
 13318 | Slime:1  | Great orb of eyes
 13321 | Slime:1  | Noticed a rockslime
 13352 | Slime:1  | 30+ slime creatures in this area!
 13392 | Slime:1  | Noticed an acid blob
 13609 | Slime:1  | Noticed a quicksilver ooze
 13623 | Slime:1  | Noticed an acid blob
 13963 | Slime:1  | Noticed a quicksilver ooze
 13989 | Slime:2  | Noticed an acid blob
 13998 | Slime:3  | Noticed a quicksilver ooze
 14000 | Slime:3  | Noticed a rockslime
 14002 | Slime:4  | Noticed an acid blob
 14002 | Slime:4  | Noticed a quicksilver ooze
 14002 | Slime:4  | Noticed an azure jelly
 14005 | Slime:5  | Entered Level 5 of the Pits of Slime
 14005 | Slime:5  | Noticed an acid blob
 14019 | Slime:5  | Found a viscous altar of Jiyva.
 14020 | Slime:5  | Noticed an acid blob
 14021 | Slime:5  | Noticed an acid blob
 14021 | Slime:5  | Noticed a quicksilver ooze
 14021 | Slime:5  | Noticed an acid blob
 14021 | Slime:5  | Noticed the Royal Jelly
 14024 | Slime:5  | Identified the +3 ring mail "Ini Uppi" {rElec Dex+2 Slay-2}
 14024 | Slime:5  | Noticed an azure jelly
 14027 | Slime:5  | Got a slimy rune of Zot
 14028 | Slime:5  | Noticed an acid blob
 14029 | Slime:5  | Noticed an acid blob
 14033 | Slime:5  | Noticed an acid blob
 14035 | Slime:5  | Identified the ring "Fukunnocs" {Fire Will+ Int+3 Dex-3}
 14036 | Slime:5  | Noticed an acid blob
 14037 | Slime:5  | Noticed an acid blob
 14048 | Slime:5  | Identified the +3 ring mail of Xiapupt {rN+}
 14124 | Slime:5  | Noticed an acid blob
 14190 | Slime:5  | Noticed an azure jelly
 14224 | Slime:5  | Noticed an acid blob
 14306 | Slime:4  | Noticed an azure jelly
 14340 | Slime:4  | Noticed an azure jelly
 14422 | Slime:4  | Noticed a quicksilver ooze
 14494 | Slime:4  | Noticed an acid blob
 14603 | Slime:5  | Downhatch on 4th floor leads to north of Royal Jelly vault.
                  | Note that a lot of enemies spawn in this area so it may not
                  | be worth going through.
 14679 | Slime:3  | Noticed an acid blob
 14684 | Slime:3  | Noticed an acid blob
 14691 | Slime:3  | Noticed an acid blob
 14818 | Slime:2  | Noticed an acid blob
 14950 | Slime:3  | Noticed an acid blob
 15159 | Slime:2  | Noticed an acid blob
 15312 | Slime:1  | Noticed an azure jelly
 15355 | Slime:1  | Noticed an acid blob
 15725 | Lair:5   | Learned a level 2 spell: Poisonous Vapours
 16011 | Lair:6   | Noticed a dire elephant
 16011 | Lair:6   | Noticed a dire elephant
 16012 | Lair:6   | Noticed a dire elephant
 16012 | Lair:6   | Noticed a dire elephant
 16015 | Lair:6   | Noticed a dire elephant
 16063 | Lair:6   | Killed a dire elephant
 16135 | Lair:6   | Identified the +1 scale mail of Ebuvid {rN+}
 16367 | Lair:6   | murky puce potion - ambrosia
 16418 | Lair:6   | +0 executioner's axe of draining
 16513 | Lair:6   | XISTRUO UTIFO - enchant armour
 16514 | Lair:6   | XIUDUIH FICKA - immolation
 16515 | Lair:6   | GITHEH BIQUWK - torment
 16566 | Lair:6   | Lost mutation: You are mostly covered in iridescent scales.
                  | (AC +4) [Jiyva's grace]
 16566 | Lair:6   | Gained mutation: You have a small jelly attached to you
                  | that senses nearby items. [Jiyva's grace]
 16566 | Lair:6   | Gained mutation: You have sharp fingernails. [Jiyva's
                  | grace]
 16566 | Lair:6   | Gained mutation: You have very sharp fingernails. [Jiyva's
                  | grace]
 16566 | Lair:6   | Gained mutation: You have claws for hands. [Jiyva's grace]
 16700 | Lair:6   | Zot trap towards the center
 17024 | Lair:6   | Killed a dire elephant
 17192 | Lair:6   | Killed a dire elephant
 17193 | Lair:6   | Reached XP level 15. HP: 50/99 MP: 29/29
 17615 | D:9      | Killed Gastronok
 17616 | D:9      | Thank you quicksilver ooze. :)
 17629 | D:9      | He had a hat of stealth. :V
 17632 | D:10     | Entered Level 10 of the Dungeon
 17689 | D:10     | Found an iron altar of Okawaru.
 17750 | D:10     | two-headed ogre
 17892 | D:10     | manticore in southeast
 17896 | D:10     | Reached skill level 10 in Spellcasting
 17903 | D:10     | metallic pink potion - might
 17916 | D:10     | staff of fire
 17985 | D:10     | catoblepas here alongside manticore
 18320 | D:11     | Noticed Fannar
 18330 | D:11     | Killed Fannar
 18444 | D:11     | fuming inky potion - magic
 18592 | D:11     | centaur warrior past a buckler
 18607 | D:11     | He was guarding 25 stones.
 18657 | D:11     | Book of Minor Magic
 18661 | D:11     | Learned a level 3 spell: Mephitic Cloud
 18687 | D:11     | Lost mutation: You have claws for hands. [Jiyva's grace]
 18687 | D:11     | Lost mutation: You are partially covered in iridescent
                  | scales. (AC +2) [Jiyva's grace]
 18687 | D:11     | Lost mutation: You are completely covered in large bone
                  | plates. (SH +8) [Jiyva's grace]
 18687 | D:11     | Lost mutation: Your spells are much harder to cast, but
                  | much more powerful. [Jiyva's grace]
 18687 | D:11     | Gained mutation: Your transparent skin significantly
                  | reduces your foes' accuracy. (Stealth+) [Jiyva's grace]
 18687 | D:11     | Gained mutation: Your melee attacks may engulf your foes in
                  | ooze. [Jiyva's grace]
 18687 | D:11     | Gained mutation: Your flesh is cold resistant. (rC+)
                  | [Jiyva's grace]
 18687 | D:11     | Gained mutation: Your flesh is very cold resistant. (rC++)
                  | [Jiyva's grace]
 18805 | D:11     | unseen horror
 18824 | D:11     | unseen horror alongside troll, two-headed ogre, and
                  | eight-headed hydra
 19299 | D:12     | GYATOCZISEAF - silence
 19470 | D:12     | Reached skill level 15 in Dodging
 19738 | D:12     | skeletal warriors
 19886 | D:12     | Found a staircase to the Orcish Mines.
 20156 | D:13     | purple ugly thing
 20273 | D:13     | Identified the +7 hunting sling of Zumajith {venom, rF-
                  | Will+ rCorr Str+5}
 20381 | D:13     | Found Dyatef's Weapon Shoppe.
 20389 | D:13     | +2 pair of gloves
 20446 | D:13     | Found a portal to a secret trove of treasure.
 20477 | D:13     | Reached skill level 10 in Shields
 20637 | D:13     | Found a gate to the Vaults.
 20791 | D:13     | Lost mutation: You have very sharp fingernails. [Jiyva's
                  | grace]
 20791 | D:13     | Lost mutation: You have sharp fingernails. [Jiyva's grace]
 20791 | D:13     | Lost mutation: You are mostly covered in large bone plates.
                  | (SH +6) [Jiyva's grace]
 20791 | D:13     | Lost mutation: Your flesh is very cold resistant. (rC++)
                  | [Jiyva's grace]
 20791 | D:13     | Lost mutation: You have a small jelly attached to you that
                  | senses nearby items. [Jiyva's grace]
 20791 | D:13     | Gained mutation: You are strong-willed. (Will+) [Jiyva's
                  | grace]
 20791 | D:13     | Gained mutation: You are highly strong-willed. (Will++)
                  | [Jiyva's grace]
 20791 | D:13     | Gained mutation: You are extremely strong-willed. (Will+++)
                  | [Jiyva's grace]
 20791 | D:13     | Gained mutation: You are agile. (Dex +2) [Jiyva's grace]
 21298 | D:14     | GEK FOIVUURPHA - brand weapon
 21637 | D:15     | Entered Level 15 of the Dungeon
 21648 | D:15     | Lots of ugly things!
 21649 | D:15     | Orc knight among the orcs too.
 21661 | D:15     | death knight
 21673 | D:15     | >The death knight screams, "I'll kill you anyway!"
 21691 | D:15     | WUAZATIENO - vulnerability
 21810 | D:15     | Found a staircase to the Depths.
 21813 | D:15     | Stone giant by the Depths entrance
 21813 | D:15     | Depths entrance: lava circle
 21826 | D:15     | Reached XP level 16. HP: 107/107 MP: 21/32
 21826 | D:15     | >The stone giant falls into the lava! The stone giant is
                  | incinerated.
 21863 | D:15     | Found a stormy altar of Qazlal.
 21903 | D:15     | Whoa! There's a jamboree in the southeast.
 21995 | D:15     | Lost mutation: You are partially covered in large bone
                  | plates. (SH +4) [Jiyva's grace]
 21995 | D:15     | Lost mutation: Your spells are harder to cast, but more
                  | powerful. [Jiyva's grace]
 21995 | D:15     | Gained mutation: Your body has grown eyes which may confuse
                  | attackers. (Acc +3) [Jiyva's grace]
 21995 | D:15     | Gained mutation: Your body has grown many eyes which may
                  | confuse attackers. (Acc +5) [Jiyva's grace]
 21995 | D:15     | Gained mutation: Your body is covered in eyes which may
                  | confuse attackers. (Acc +7, SInv) [Jiyva's grace]
 21995 | D:15     | Gained mutation: Your muscles are strong. (Str +2) [Jiyva's
                  | grace]
 22073 | D:15     | Found Veitas's Armour Shoppe.
 22076 | D:15     | 1012 gold for +2 crystal plate armour
 22767 | Snake:1  | Entered Level 1 of the Snake Pit
 22932 | Swamp:1  | Entered Level 1 of the Swamp
 22995 | Swamp:1  | Noticed a fenstrider witch
 23127 | Swamp:1  | Noticed Kirke
 23140 | Swamp:1  | Killed Kirke
 23286 | Swamp:1  | Killed a fenstrider witch
 23292 | Swamp:1  | bubbling emerald potion - berserk rage
 23302 | Swamp:1  | Reached skill level 15 in Fighting
 23758 | Swamp:2  | Reached skill level 10 in Conjurations
 23766 | Swamp:2  | Book of Lightning
 23772 | Swamp:2  | Learned a level 5 spell: Lightning Bolt
 24333 | Swamp:3  | That was a close call with a shambling mangrove.
 24668 | Swamp:3  | ghoul
 24865 | Swamp:3  | Lost mutation: You have a pair of small horns on your head.
                  | [Jiyva's grace]
 24865 | Swamp:3  | Lost mutation: You are extremely strong-willed. (Will+++)
                  | [Jiyva's grace]
 24865 | Swamp:3  | Lost mutation: You are highly strong-willed. (Will++)
                  | [Jiyva's grace]
 24865 | Swamp:3  | Lost mutation: You expend magic power (3 MP) to strengthen
                  | your wands. [Jiyva's grace]
 24865 | Swamp:3  | Gained mutation: You are partially covered in iridescent
                  | scales. (AC +2) [Jiyva's grace]
 24865 | Swamp:3  | Gained mutation: You are mostly covered in iridescent
                  | scales. (AC +4) [Jiyva's grace]
 24865 | Swamp:3  | Gained mutation: You are completely covered in iridescent
                  | scales. (AC +6) [Jiyva's grace]
 24865 | Swamp:3  | Gained mutation: Armour fits poorly on your pseudopods.
                  | [Jiyva's grace]
 25052 | Swamp:4  | Entered Level 4 of the Swamp
 25186 | Swamp:4  | Noticed a thorn hunter
 25199 | Swamp:3  | Reached skill level 11 in Conjurations
 25339 | Swamp:4  | Reached XP level 17. HP: 82/113 MP: 33/33
 25556 | Swamp:4  | Reached skill level 12 in Conjurations
 26065 | Swamp:4  | Got a decaying rune of Zot
 26066 | Swamp:4  | I made enough noise to attract basically everything but a
                  | couple thorn hunters and a swamp worm outside of the rune
                  | vault.
 26706 | Snake:2  | Found Ugryrcho's Jewellery Boutique.
 26730 | Snake:2  | amulet of guardian spirit nearby shock serpent and mana
                  | viper and shop
 26939 | Snake:2  | Gained mutation: Your mind is very acute. (Int +4) [Jiyva's
                  | grace]
 26939 | Snake:2  | Gained mutation: Your muscles are very strong. (Str +4)
                  | [Jiyva's grace]
 26939 | Snake:2  | Gained mutation: Your spells are harder to cast, but more
                  | powerful. [Jiyva's grace]
 26939 | Snake:2  | Gained mutation: Your spells are much harder to cast, but
                  | much more powerful. [Jiyva's grace]
 26943 | Snake:2  | Reached skill level 13 in Conjurations
 27185 | Snake:2  | Reached skill level 5 in Evocations
 27223 | Snake:2  | Reached skill level 10 in Staves
 27484 | Snake:3  | Reached XP level 18. HP: 119/119 MP: 24/34
 27592 | Snake:3  | Noticed Jorgrun
 27601 | Snake:3  | Slimified Jorgrun
 27601 | Snake:3  | Noticed Jorgrun
 27601 | Snake:3  | Jorgrun changed into Jorgrun the azure jelly
 27638 | Snake:3  | Jorgrun the azure jelly is doing work!
 27721 | Snake:3  | Found Wuar's Antique Armour Emporium.
 27724 | Snake:3  | Bought a steaming scale mail for 288 gold pieces
 27724 | Snake:3  | Identified the +1 scale mail "Seowk" {Harm rF+ Int+3} (You
                  | bought it in a shop on level 3 of the Snake Pit)
 27724 | Snake:3  | Bought a smoking chain mail for 304 gold pieces
 27724 | Snake:3  | Identified the +5 chain mail "Xyb Papn" {Dex+2} (You bought
                  | it in a shop on level 3 of the Snake Pit)
 27971 | Snake:3  | Found Afakhar's Jewellery Shoppe.
 27971 | Snake:3  | Found Rimiteg's Book Emporium.
 27972 | Snake:3  | Found Onefabebb's Weapon Emporium.
 27976 | Snake:3  | Found Jeoq's Distillery.
 27979 | Snake:3  | Bought the ring "Fuviudo" {rPois Str+6} for 594 gold pieces
 27986 | Snake:3  | Bought a potion of cancellation for 128 gold pieces
 27986 | Snake:3  | Bought a potion of heal wounds for 80 gold pieces
 27986 | Snake:3  | Bought a potion of heal wounds for 80 gold pieces
 27986 | Snake:3  | Bought a potion of brilliance for 64 gold pieces
 27986 | Snake:3  | Bought a potion of brilliance for 64 gold pieces
 28329 | Snake:4  | Entered Level 4 of the Snake Pit
 28362 | Snake:4  | Reached skill level 14 in Conjurations
 28454 | Snake:3  | rN+ kite shield taken from naga warrior
 28756 | Snake:4  | Book of the Wilderness
 28903 | Snake:4  | Lost mutation: You are completely covered in iridescent
                  | scales. (AC +6) [Jiyva's grace]
 28903 | Snake:4  | Lost mutation: Your mind is very acute. (Int +4) [Jiyva's
                  | grace]
 28903 | Snake:4  | Lost mutation: Your spells are much harder to cast, but
                  | much more powerful. [Jiyva's grace]
 28903 | Snake:4  | Lost mutation: Your body is covered in eyes which may
                  | confuse attackers. (Acc +7, SInv) [Jiyva's grace]
 28903 | Snake:4  | Lost mutation: Your transparent skin significantly reduces
                  | your foes' accuracy. (Stealth+) [Jiyva's grace]
 28903 | Snake:4  | Lost mutation: Your melee attacks may engulf your foes in
                  | ooze. [Jiyva's grace]
 28903 | Snake:4  | Gained mutation: Your mind is very acute. (Int +4) [Jiyva's
                  | grace]
 28903 | Snake:4  | Gained mutation: Your flesh is very cold resistant. (rC++)
                  | [Jiyva's grace]
 28903 | Snake:4  | Gained mutation: Your flesh is almost immune to the effects
                  | of cold. (rC+++) [Jiyva's grace]
 28903 | Snake:4  | Gained mutation: You expend magic power (3 MP) to
                  | strengthen your wands. [Jiyva's grace]
 29305 | Snake:4  | Noticed Vashnia
 29360 | Snake:4  | Found a hazy altar of Hepliaklqana.
 29489 | Snake:4  | Killed Vashnia
 29682 | Snake:4  | Got a serpentine rune of Zot
 30049 | Lair:6   | Killed Snorg
 30233 | Lair:2   | Killed Uhurruth's ghost
 30246 | Lair:2   | Identified the +0 helmet of the Eight Persimmons {Fly rElec
                  | rC- Int+2}
 30395 | D:4      | Killed RobertJustice1's ghost
 30452 | D:4      | Killed Menkaure
 30628 | Vaults:1 | Entered Level 1 of the Vaults
 30697 | Vaults:1 | Reached XP level 19. HP: 117/124 MP: 35/35
 30705 | Vaults:1 | Learned a level 7 spell: Orb of Destruction
 31061 | Vaults:1 | the Unrestrained Analects
 32362 | Vaults:2 | Tengu reavers are nasty!
 32446 | Vaults:2 | Lost mutation: Your mind is very acute. (Int +4) [Jiyva's
                  | grace]
 32446 | Vaults:2 | Lost mutation: Your mind is acute. (Int +2) [Jiyva's grace]
 32446 | Vaults:2 | Lost mutation: Your flesh is almost immune to the effects
                  | of cold. (rC+++) [Jiyva's grace]
 32446 | Vaults:2 | Lost mutation: Your flesh is very cold resistant. (rC++)
                  | [Jiyva's grace]
 32446 | Vaults:2 | Lost mutation: Your spells are harder to cast, but more
                  | powerful. [Jiyva's grace]
 32446 | Vaults:2 | Lost mutation: Your translucent skin reduces your foes'
                  | accuracy. (Stealth+) [Jiyva's grace]
 32446 | Vaults:2 | Gained mutation: You are covered in slimy tendrils that may
                  | disarm your opponents. [Jiyva's grace]
 32446 | Vaults:2 | Gained mutation: You are highly strong-willed. (Will++)
                  | [Jiyva's grace]
 32446 | Vaults:2 | Gained mutation: You are extremely strong-willed. (Will+++)
                  | [Jiyva's grace]
 32446 | Vaults:2 | Gained mutation: You have an increased reservoir of magic.
                  | (+10% MP) [Jiyva's grace]
 32724 | Vaults:2 | Reached skill level 15 in Conjurations
 33123 | Vaults:2 | Reached XP level 20. HP: 131/131 MP: 27/39
 33175 | Vaults:2 | Found a transporter.
 33175 | Vaults:2 | Noticed Coron's ghost (adept DDDe)
 33214 | Vaults:2 | Noticed Mara
 33227 | Vaults:2 | Noticed a dread lich
 33246 | Vaults:2 | Found a transporter.
 33558 | Vaults:2 | orc warlord in southern vaults
 33854 | Vaults:2 | Reached skill level 16 in Conjurations
 33860 | Vaults:2 | FIRST LICH KILL
 34522 | Vaults:3 | Found a staircase to the Crypt.
 34522 | Vaults:3 | Found a basalt altar of Yredelemnul.
 34523 | Vaults:3 | Found an ancient bone altar of Kikubaaqudgha.
 34812 | Vaults:3 | Lost mutation: You are mostly covered in iridescent scales.
                  | (AC +4) [Jiyva's grace]
 34812 | Vaults:3 | Lost mutation: You are extremely strong-willed. (Will+++)
                  | [Jiyva's grace]
 34812 | Vaults:3 | Gained mutation: You have a pair of small horns on your
                  | head. [Jiyva's grace]
 34812 | Vaults:3 | Gained mutation: You have a pair of horns on your head.
                  | [Jiyva's grace]
 34812 | Vaults:3 | Gained mutation: You have a pair of large horns on your
                  | head. [Jiyva's grace]
 34812 | Vaults:3 | Gained mutation: Your body is covered in eyes which may
                  | confuse attackers. (Acc +7, SInv) [Jiyva's grace]
 35089 | Vaults:3 | Found Lusereots's Book Boutique.
 35191 | Vaults:3 | Reached skill level 15 in Shields
 35191 | Vaults:3 | Reached skill level 17 in Conjurations
 35408 | Vaults:4 | Found a white marble altar of Elyvilon.
 35408 | Vaults:4 | Found a glowing golden altar of the Shining One.
 35408 | Vaults:4 | Found a glowing silver altar of Zin.
 35417 | Vaults:4 | Found a crumbling gateway.
 35921 | Desolati | Entered the Desolation of Salt
 36174 | Desolati | >Your orb of destruction hits an endless expanse of salt.
 36290 | Desolati | Got Lefuqov's Catalogue of Orientation
 36405 | Desolati | Reached XP level 21. HP: 135/139 MP: 28/40
 36598 | Desolati | Lost mutation: You have a pair of large horns on your head.
                  | [Jiyva's grace]
 36598 | Desolati | Lost mutation: You have an increased reservoir of magic.
                  | (+10% MP) [Jiyva's grace]
 36598 | Desolati | Lost mutation: You are highly strong-willed. (Will++)
                  | [Jiyva's grace]
 36598 | Desolati | Lost mutation: Your body is covered in eyes which may
                  | confuse attackers. (Acc +7, SInv) [Jiyva's grace]
 36598 | Desolati | Lost mutation: Your translucent skin slightly reduces your
                  | foes' accuracy. (Stealth+) [Jiyva's grace]
 36598 | Desolati | Gained mutation: Your skin changes colour to match your
                  | surroundings (Stealth+). [Jiyva's grace]
 36598 | Desolati | Gained mutation: Your skin blends seamlessly with your
                  | surroundings (Stealth++). [Jiyva's grace]
 36598 | Desolati | Gained mutation: Your skin perfectly mimics your
                  | surroundings (Stealth+++). [Jiyva's grace]
 36598 | Desolati | Gained mutation: You have acidic saliva. [Jiyva's grace]
 36738 | Desolati | Identified the +5 short sword "Otuys" {freeze, rPois rF+
                  | rC- rN+}
 36911 | Desolati | Got the Reference Book on Ignition
 36912 | Desolati | Reference Book on Ignition: Ignite Poison, Starburst, and
                  | Fire Storm
 37084 | Desolati | Reached skill level 18 in Conjurations
 37254 | Desolati | Got the Grimoire of Calling
 37255 | Desolati | Grimoire of Calling: Monstrous Menagerie
 37329 | Desolati | Got the Volume of Air and the Compass
 37330 | Desolati | Volume of Air
 37336 | Desolati | Learned a level 5 spell: Freezing Cloud
 37340 | Desolati | Identified the amulet "Uhiquefe" {Spirit Rampage}
 37398 | Desolati | Identified the +3 short sword of the Brain {freeze, rF+
                  | Str-4 Dex+2}
 37455 | Desolati | Identified the ring "Zingecefodgh" {Ice +Blink rPois Str-2}
 37485 | Desolati | Identified the ring of Asixohiv {rElec rPois rN+ Will+
                  | AC+4}
 37492 | Desolati | Identified the amulet of Gunown {Acrobat rElec Str+4 Dex+2}
 37494 | Desolati | Identified the ring "Usacyu" {rElec rC+ Will+ Int+2}
 37515 | Desolati | Identified the +1 dagger "Rysuriso" {drain, *Noise rPois
                  | Will++ Dex-5}
 37809 | Vaults:4 | Book of Blood
 37930 | Vaults:4 | Found a transporter.
 37931 | Vaults:4 | Found a shimmering blue altar of Sif Muna.
 39151 | Vaults:4 | Reached skill level 19 in Conjurations
 39175 | Vaults:4 | Book of the Hunter
 39180 | Vaults:4 | Got the Compendium of the Destructive Arsonist
 39183 | Vaults:4 | Book of Touch
 39214 | Vaults:4 | Found a transporter.
 39233 | Vaults:4 | Everburning Encyclopedia
 39285 | Vaults:5 | Entered Level 5 of the Vaults
 39346 | Vaults:5 | Lost mutation: You have a pair of horns on your head.
                  | [Jiyva's grace]
 39346 | Vaults:5 | Lost mutation: Your muscles are very strong. (Str +4)
                  | [Jiyva's grace]
 39346 | Vaults:5 | Lost mutation: Your muscles are strong. (Str +2) [Jiyva's
                  | grace]
 39346 | Vaults:5 | Lost mutation: Your spells are a little harder to cast, but
                  | a little more powerful. [Jiyva's grace]
 39346 | Vaults:5 | Gained mutation: You possess an exceptional clarity of
                  | mind. [Jiyva's grace]
 39346 | Vaults:5 | Gained mutation: Armour fits poorly on your large
                  | pseudopods. [Jiyva's grace]
 39346 | Vaults:5 | Gained mutation: Armour fits poorly on your massive
                  | pseudopods. [Jiyva's grace]
 39346 | Vaults:5 | Gained mutation: You have supernaturally acute eyesight.
                  | (SInv) [Jiyva's grace]
 39549 | Vaults:5 | Identified the +1 robe of Negligence {rN++}
 39617 | Vaults:5 | Noticed an ancient lich
 39886 | Vaults:5 | Reached skill level 10 in Stealth
 39998 | Vaults:5 | staff of conjuration
 40191 | Vaults:5 | Identified the +6 scimitar "Woamium" {vorpal, rC- Str+10}
 40287 | Vaults:5 | Reached XP level 22. HP: 71/148 MP: 31/38
 40362 | Vaults:5 | Got the Volume of Confrontation
 40399 | Vaults:5 | pink potion - resistance
 40657 | Vaults:5 | Got a silver rune of Zot
 40716 | Vaults:5 | Super stealthy now. B)
 40721 | Vaults:5 | Identified the +3 chain mail of the Archfiend {rN+}
 40987 | Vaults:5 | Noticed a golden dragon
 40992 | Vaults:5 | Killed a golden dragon
 41029 | Vaults:5 | Reached skill level 20 in Conjurations
 41194 | Vaults:5 | Got the Grimoire of the Freezing Volcanoes
 41549 | Vaults:5 | Noticed a golden dragon
 41577 | Vaults:5 | Learned a level 6 spell: Conjure Ball Lightning
 41629 | Vaults:5 | Was placed under penance by Jiyva
 41651 | Vaults:5 | Killed a golden dragon
 41898 | Orc:1    | Entered Level 1 of the Orcish Mines
 41915 | Orc:1    | Noticed Erica
 41942 | Orc:1    | Killed Erica
 41965 | Orc:1    | Was forgiven by Jiyva
 42291 | Orc:2    | Entered Level 2 of the Orcish Mines
 42443 | Orc:2    | Found a staircase to the Elven Halls.
 42735 | Orc:2    | Found Oxusiemn's Antique Armour Shoppe.
 42735 | Orc:2    | Found Zoips's Distillery.
 42739 | Orc:2    | Reached skill level 1 in Armour
 42742 | Orc:2    | Found Waylyn's Weapon Emporium.
 42751 | Orc:2    | Found Leqauq's Weapon Emporium.
 42846 | Orc:2    | Bought a potion of invisibility for 96 gold pieces
 42846 | Orc:2    | Bought a potion of might for 48 gold pieces
 42846 | Orc:2    | Bought a potion of heal wounds for 60 gold pieces
 42846 | Orc:2    | Bought a potion of brilliance for 48 gold pieces
 42846 | Orc:2    | Bought a potion of magic for 96 gold pieces
 42846 | Orc:2    | Bought a potion of brilliance for 48 gold pieces
 42846 | Orc:2    | Bought 2 potions of curing for 72 gold pieces
 42911 | Orc:2    | Lost mutation: Your skin perfectly mimics your surroundings
                  | (Stealth+++). [Jiyva's grace]
 42911 | Orc:2    | Lost mutation: You are strong-willed. (Will+) [Jiyva's
                  | grace]
 42911 | Orc:2    | Lost mutation: Your body has grown many eyes which may
                  | confuse attackers. (Acc +5) [Jiyva's grace]
 42911 | Orc:2    | Lost mutation: Armour fits poorly on your massive
                  | pseudopods. [Jiyva's grace]
 42911 | Orc:2    | Lost mutation: Armour fits poorly on your large pseudopods.
                  | [Jiyva's grace]
 42911 | Orc:2    | Gained mutation: Your body has grown many eyes which may
                  | confuse attackers. (Acc +5) [Jiyva's grace]
 42911 | Orc:2    | Gained mutation: Your body is covered in eyes which may
                  | confuse attackers. (Acc +7, SInv) [Jiyva's grace]
 42911 | Orc:2    | Gained mutation: Your system is resistant to poisons.
                  | (rPois) [Jiyva's grace]
 42911 | Orc:2    | Gained mutation: You passively map a small area around you.
                  | [Jiyva's grace]
 43053 | Orc:2    | Noticed Rupert
 43060 | Orc:2    | Killed Rupert
 43364 | Elf:1    | Entered Level 1 of the Elven Halls
 43401 | Orc:2    | This glaive of venom is kicking my ass.
 43501 | Elf:1    | Found a radiant altar of Vehumet.
 43901 | Elf:1    | Reached skill level 21 in Conjurations
 44322 | Elf:1    | Got the Guide on the Entourage
 44452 | Elf:2    | Found a runed translucent gate.
 44458 | Elf:2    | Found a runed translucent gate.
 44525 | Elf:3    | Entered Level 3 of the Elven Halls
 44915 | Elf:3    | Reached XP level 23. HP: 144/156 MP: 33/39
 44954 | Elf:2    | HP: 7/156 [poisoned by a deep elf blademaster]
 44954 | Elf:2    | Mangled by a deep elf blademaster

Illustrated notes ... .. . # #.. .#.# # #.##..#.#.#.# ##...........## ≈≈≈≈≈≈≈.≈≈≈≈≈≈≈ ####≈≈≈.≈≈≈#### #<.####'####.># #..'.......'..# ##'####@####'## #.#.......#.# #.#...8...#.# #.'.#####.'.# #.#...8...#.# #.#.......#.# ##'####'####'## #..'.......'..# #8.####+####.∩# Turn 70 on D:1: Starting vault: crystal wall fort #.# #.#. #.# #.#. #.# #.#. #.# #.#. #.# #.## #.# #.# #.# #.# #.###################.# #......@.....[........# ####################### Turn 433 on D:1: +1 helmet in southeastern hallway ####### #..?..# #.....# #.....# ############.....################ ...........†....@................ #.##########.....################ #.# #.....# #. #.# #.....# #. #.# #.....# #. #.# ####### #. #.# #. #.# #. #.# #. Turn 553 on D:1: 6 poisoned darts in southwestern room. #### #.. #.# ##.## #### # ##...##.>. ####.##.....#.# ............@.# .##.##.....### #.......(<.## ..........## #.##[......# #.......# .......... ..........## .#........# Turn 904 on D:2: staff of air :) ...##.#..#.....#....#######.#.# ...##.#........#..............# .).....#.#.....#.......#..#.### ...##..#.##....#.............# ...##..#.##.#..#..........#..# .####..#.......#.......#..#..# .......#..##.)##...)......#..# .#####.#..##..##.#....#####..#### .#######..##..##@#............... ..#.......##.)##.#.##.########.## #########.#...##.#.##.# #.# ##8)......#.#.##.#.##.# #.# #P..#######.#..#.#.##.# #.# ..8## #.##.#.#.##.########.# .##########.##.#.#.#...........# ###.........##...#.############# ##..###########..#.# Turn 926 on D:1: D:2 uphatch leads to western D:1. #.##.# #.... ..... #..# #.##.# #.#.# #..#... ..# #.##.# #...# #..##.. $## #.##.# #..# # .##.. .# #.##.###..####..##.. #.##............# .# #..........####.##..## ####.###......[....... #..........@.$..... #.####.#####.###### #.# #.# .# #.# #.# .# #.# ... .# ..> ... .. .... .# ... .# Turn 1020 on D:2: Great Wizards, Vol. II: spells Alistair's Intoxication, Borgnjor's Vile Clutch and Eringya's Noxious Bog ########.# #.....>... #.@....... #.(....... #......... #......... .......#+# #....##.# .....# .# ...#### # Turn 1445 on D:3: UKIDEA FEANO - teleportation ########.# #.....>... #.@....... #.(....... #......... #......... .......#+# #....##.# .....# .# ...#### # Turn 1463 on D:3: dark potion - heal wounds ########.# #.....>... #.@....... #.(....... #......... #......... .......#+# #....##.# .....# .# ...#### # Turn 1464 on D:3: sedimented silvery potion - degeneration .....#....#. ....#....#. ###############..#....## #.............#..#....## #.............#.......## #.............#........# #......♣......#...##..w# #....♣♣.♣♣....#...##...o #....♣.@.♣....#...##...# #...♣..♣..♣...+...###### #..(.♣...♣....#...w..>.. #....♣♣.♣♣....#...#..... #......♣......#####..... #.............# #..... #.............# ........ #.............##....###+ ################[.... Turn 1661 on D:3: Artifact robe in stone wall vault. Has a circle of trees vaguely shaped like the star of David in the center. ............)...........# ...........#............# #..........'............# #..........#............# #.......†..############## ...######### #.......# ...#........ #8.....8# ........# #.#.......# ##......# #.#8.@...8# #......# #.#...)...# #......# #.#8..)..8# ##......# #.#.).....# ........# #.#8)....8# ###.....# #.........# #.....# #.........# #.....# #.######### #.....# #.# Turn 2115 on D:3: Goblin gathering in southern 8 statue chamber. # .# #### ####... ..§§. ..§ g. #§# .g #@# g# #..§§§§§# #.## ##.##§§.... .o.#### # ###g#.## . ....... .# # ..##.o.# .# ...<..# # ..###...... . ####. Turn 2501 on D:4: FIXURITTOE - fog # .# #### ####... ..§§. §§§ g. #§# .g #@# g# #..§§§§§# #.## ##.##§g.... .o.#### # ###.#.## . ....... .# # ..##.o.# .# ...<..# # ..###...... . ####. Turn 2502 on D:4: NOMOXT VIMP - noise ,,,,,,,*,,**,,*,,,,,,*,,,,,,* *,* ,,,,,,,*,,,,*,,,*,,,#*,,,,,,* *,* ,,,,,,,**,,,,,,*,,,.#,,,,,,,* *,* ****,,,,**,***,,*####,*,,,,,* *,* *,,,,,***©####...,,******* *,, *,,,*,,,,,,..§§.*,** *** *,,,*****,**§§§,,,******* *,g.* *,**#§#,*,,,,,,,* *,.g* *,**#@#,*,*****,****** **g#* #..§§g§§#,*****,,,,,,, ****#.## ##.##§§§...,,*,,,***** ,,**.o.####*#,*###.#.##,,,*,* .,*,.......,,,,,**.#,#***,,,* ..##.o.#*****,,,,,.#,,,,,,,** ...<..#*****,,,**,,#******** ..###......,,,,,*,,* .,* *,####.*,,,**,** Turn 2503 on D:4: ZEARCHOCROI - magic mapping #..### #..#,...***,,,**,**,** #..# #..##.#..,,,*,,,,,*,** #..# #######>..#...*,,©,,**,©*,,, #..###.........#,,**,,*,,,,,,*,,, .....(.........#,,,,*,,,*,,,#*,o, .#####.........##,,,,,,*,,,.#,o., .# #######....##,##*,,*####.#,, .# #.....###©####.....#** .# #...#@..........#.#* .# #...#####.##......#*** .# #...# #.*##.#.#...,, .###### #...# #.###<#.#.**** ......# ##.## #.......#.**** .####.#######.## ##.##.......,* .##.......##...######.####.#.##,, .##....>..#..)..........##.#,#*** .#....##..##...######......#,,,,, Turn 3041 on D:4: scarf of resistance #.......##.########## #.###......# ###### #.###.#.#### #..... #.##..#.# *****#.#### #.##.##.# #.......#** #.##.##.# #.......#,, #...)...# #[......#,* ####.#### #.......#,* #@# #........,, #.# #.......#,, #.# #.......#** #.# ##......,# #.# #.....#*.# ######## #.#####.....##.### #......# #...........#...., #.####.###########........### #.##.......#### #.....#.#... Turn 3343 on D:4: FIRST OGRE KILL .#........ #....# .'.......# #....# .. ##.......+ #....##.. .........# ......... ..##############........ ..'.....##....##........ ..#..................... ..########....##....### ### #######@...# #....# .....# #.....# ...#### ##### Turn 3752 on D:5: bubbling white potion - curing .......................# .... ................##############... ................'.....##....##... ##..............#................ ##+####........########....##... ###########....########... .............##....##... ...................#.... .......@........†..#.... ..####+##.....#.......## #.....######### #####.# ### Turn 3772 on D:5: +3 whip of electrocution ####.....!....#'######.......+ #.[.......................# #..................######### #..................'.....##. #####..............#........ ##+####........########. #.....###########....### #..ooo.#.............##. #.[$.o.@................ #....o.#.......)........ ##....##..####'##.....#. #######..###..##.....## #........######.# #.........# ### #.........# ##.......####### #####...##....## Turn 3817 on D:5: Shadow dragon scales ......+ ......+ ....# ......# #+###..# ......# ...##..######'.....# .......'............ ......†#....)###.### ...#########.#.....# ...#.........#..[..#..# ...#....[.......@[....# ####.........#..?..#..# .............#..[..# .. ....##.###.#####.### #.# ....#..#⌠...⌠##...##.:.. ....#..#.....#.....#... ... #.....⌠..Z..#...... #'# #..#.....#.....#. ##.#⌠...⌠##...## Turn 4152 on D:5: Book of Armaments ....# ......# #+###..# ......# ...##..######'.....# .......'............ ......†#....)###.### ...#########.#.....# .# ...#.........#..[..#..# ...#....[........[....# ####.........#..@..#..# .............#..[..# !... ....##.###.#####.### #.## ....#..#⌠...⌠##...##.:.. ....#..#.....#.h...#... ... #.....⌠..Z..#...... #'# #..#.....#.....#. ##.#⌠...⌠##...## . ###.#####.## Turn 4168 on D:5: murky yellow potion - brilliance ..'..............# ..#....)###.###..# #######.#.....#..# ........#..[..#..# ...[........[....# ........#.....#..###### ........#..[..#.......# #.###.#####.#####.###.# ..#⌠...⌠##÷..##.@...# ..#.....#.....#.....# .....⌠.....#..........# ..#.....#.....#.....#.# #.#⌠...⌠##...##.....#.# . ###.#####.#####.### # .... #.....# ... .... #.8.8.# #. ##### ....8.... Turn 4454 on D:5: Book of Dangerous Friends: Summon Guardian Golem, Orb of Destruction, and Spellforged Servitor . ###.≈...≈.## ..#..≈♣≈.≈♣≈.# ......≈...≈..####### ....≈...≈...≈.##...# .(.≈♣≈.≈♣≈.≈♣≈.....## ....≈...≈...≈..#....# ..≈...≈...≈...≈.....## .≈♣≈.≈♣≈.≈♣≈.≈♣≈.....# ..≈...≈@..≈...≈.##.### #...≈...≈...≈....#...## #..≈♣≈.≈♣≈.≈♣≈..##....# ##..≈...≈...≈....##...## ......≈...≈.......#..... .....≈♣≈.≈♣≈....#..###.. ..#...≈...≈.#...#......) .##.......###......#.... ....$.... #....#.... Turn 5100 on D:6: Some kind of trees and deep water vault. .........###.. ............. ............ ........... .......... ......... #Z....... #@.....!. #...........#.. #.##.##...#.# # ##### # Turn 5202 on D:6: That was bloody close! # #.... .........###....###.. ..###...# ....................## #......... .....................#........... ................................. ...............................<. ...............##..............)† .....#............!.....##.#..... ....##..........@.# #..... ...........#...#.†# #....S. .##.##...#.##..#..... ........ ###########.......... ......... ##.............#..... ##.......>. ##...##... #...# #.. #### Turn 5272 on D:6: Almost dead again already. ...................#.... ...........†.......#.... #.###..................# ....#................... #.###.....###....$...... ._..#.##.####........# #.#.#.#....##......#.# ....#......##..#...# #.###......###..@.## ..# ##.#...# #..[## .## ####### ##### ## Turn 5385 on D:6: fuming cyan potion - flight #/..#.#.##.###.# #.# ..( #.#.#.......... .. . +.#...##.###.###.# ###.#.#.......... ...#...##.###.# #.###.#.#....... #. ...#...##.## # ###.#.#.#...#.# #...#.@.8...# #.#.#.#).J#.# ...#...##)## ###.#.#.. .o. ...##. #.# #.#. . .... ... ## ##.# .# .. Turn 5677 on D:7: First orc warrior. #..###....#....#....#....###..# #..#.#....#....#....#....#.'..# #..#.#.........#.........#.#..# #J.'.####......#......####.#..# #..###....'..............###..# #..#.#...................#....# #..#.'...................#.#..# #..'.#.....................#..# #.J########....@...J########..# #..# #Z..................#.'..# #..# +...................'.#..# #..+ #...........J.......#.#..# #..# #.......J...........###..# #..# ####......#......####.'..# #.. #.J.......#.........#.#..# #..+ #....#....#....#....#.#..# #..# #....#....#....#....###..# Turn 6078 on Ossuary: QAFULU ISTUG - enchant weapon #..........###....# ......#....# #....# ...........# #....# .#.#.......# #...## #...#..##### ##.## ..∩...## #.## #...#.# ##.# .#.#..# #J## ......# ##@# ....### #+# ..### .g. ### #...# #..)# ##### Turn 6697 on D:7: >Crazy Yiuf screams, "Paint!" .JJ.....# ######### ############ ...........# ........##.##### ........##.#...# ........##.#.#.# ###.#....#.#.#.### ................@# ....#.##.#.#.#.### ....#.##.#......# .........###....# ....#....# #....# .........# #....# .#.......# #...## ..#..##### ##.## ∩...## #.## Turn 6710 on D:7: blue potion - invisibility ... ..# ## ... ... .. ..# #.## #.. . .... ###..##.# .. .>....####.#....?#... .............@....... ..........##......... ..........###....##.. #........#.......# # .#................# ##.................### ..........)...#..### #...........###....### #.##..........#......# Turn 6891 on D:8: ring of willpower ..... ... .#... ...... #... #...# #..... # #...# #.<.###.... .# .... .......... ..## #.. #..#..##..... #.####........#... . ###..##.#...@......# .####.#.....#........### .....................# .....##............### .....###....##....## .....#.......###### .............# ...........### ..)...#..### Turn 6903 on D:8: Book of Scorching ########### #.........# #.........+ +.....@...# #.........# #........<# #.........# ######+#### Turn 7137 on D:9: silvery potion - attraction P.....######......<.....# P.........<'............# .P..########............# P...# ###########'## ....# #........)# .... #.######### PP#. ###'######## .. #..........# #....@.....# +.....Y..?.# #.......Y..# #.....>....# #........Y.# #.......Y...# #........Y... #######+#.... Turn 7428 on D:9: Lots of yaks on this floor, on top of the Lair entrance vault. ......<'............# ########............# # ###########'## # #........)# #.######### ###†######## #..........# #..........# +........@.# #..........# #.....>....# #..........# #...........# #............# #######+#..... #.#.#. Turn 7478 on D:9: PELAFU FITUGG - amnesia ....... # #.....### .###....... #. ..+...... ).. #P.....#.... ##.......... ####P.......# .......@.$# ............... ............... ............... ............... ............... P##.#P.....#..# ..........### Turn 8709 on Lair:2: XABBEQ EMIALL - fear ....... .. # #.....###.## .###........#.## ..+......#).... #P.....#...... ##........... ####P.......# .......@..# ................. ................. ................. ................. ................. P##.#P.....#..##. ..........### Turn 8715 on Lair:2: XOBRESAOGIU - holy word

..#........P..........+.......#..
...........#...#......#.........#
................................#
..#........#...#......#.........#
..........##...##................
.......... ###.##.....#.......#.#
...........#.#..#.....P..###.P#.#
..†.............................#
................@...............#
.................................
..........#.##.#......#....##...P
##'P......###.#......###.P..##..#
...P.........<#......###.P.###..P
...#......##...............# #...
..........##...#.......#...# #..#
...#......#P.........##...## #..#
..........#...#......###.#.# #.P.


Turn 9110 on Lair:2: black potion - haste ##..........# ##..........#
#..........## ..............P# ...............## ...............#
..P#...........## ..P.............# .....#........@.# ..............## ........#
........# ........# .......## .)....# .....# Turn 9596 on Lair:3: KUIGRASCHOHE -
blinking ♣....♣♣ .♣ #.####........ ♣..♣♣..♣♣ ##.###...#P........ ♣..♣ ♣♣..♣♣
#.$.##............# .†♣ #♣..♣♣ ##.?.##......†.##.## .♣
#♣..♣♣#..?..#..P##........ ♣ ♣♣..♣#.....#..##.....≈≈≈. ♣......≈..#...##..≈≈≈≈≈≈
♣..♣♣#.....#..#.#..≈≈≈≈≈≈ ♣..♣♣ #.(@..#......≈≈≈≈≈≈≈ ♣..♣ ##.$.##.......≈≈≈≈≈≈
♣..♣ #.$.# .......≈≈≈≈≈≈ ...♣ ##.## ..........<.≈ ..♣ ♣.♣ ...##........ ♣.♣ ..#
#...#.... ### #...#.... .....#P... ....#..... Turn 10064 on Lair:3: amulet of
the acrobat ,,,,,,,,,,,,,,,,*** ***** ,********,**..*** ** ***##.#,* * **...,**
* *,#..#,* **#P..####***** *#...#.##.#P** #..P.......,* *#.@P......,*** ****
#..........,,,* ,*,** ##.........,,** ,,,,*** *#.........,,** ,,,,,,*
*....>.....,,,**** ,,,,,** ##..l......,,,,*,*** ,,,,,,* #.........,,,,,,,,*
*,,,,** ##.......$,,,,*,,,, ,,,,,** *,,,,,,,,,,,***,,, Turn 10289 on Lair:4: Ice
cave in southwest *..** ####... * *#.P* ##.....# * ##.#########.....## *
#....#.#P.....#P## * #.....#..F.###### * ##...>...### ** #......### ,* ##...###
,* *#@### ** ** *#.## **, * #..,* ***,, *** *#..** *,,,, ,,***** *..#* *,,,,
,,,**,*** *#.#* *,,,, ,,,,,*,,****..** *** **,,, ,,,,,,,,,,,...,** *,* *,*,,
,,,,,*****,,,,*,* *,*****,,, Turn 10331 on Lair:4: +4 ring of slaying **,,,*
*******,,,** *,,**,,*,,,* ***,,,,,,**,,* #,,,,,...,,,.## ##.,≈≈≈≈≈##P...#
#..#####≈.#P..P# #.....∩#≈.#P..#* #≈...@.#≈.#P..# #.#≈...#≈..P..###
*#≈#≈..#........##### **** ##≈#............##.## *,,**** ##.≈.............#..
*,>,*,** *#................†. *,,,**,***#................###
*,,,,,,*,*##...............# *,,,,,,,*,*#.....†.........# Turn 10413 on Lair:4:
I do have a rC+ robe from D:5. # ## .## ### ######## ..###.####$$$$$$#####
#.#....#$..$$$..@$.=## #...##.##$$.$....="$=# #####..###$$......$=##
#...##.###......### ##.....†#.....### ####......#### ######## Turn 10653 on
IceCv: amulet of magic regen # ## ### ######## .###.####$$$$$$#####
.#....#$..$$$...$.=## ...##.##$$.$....@"$=# ####..###$$......$=##
#...##.###......### ##.....†#.....### ####......#### ######## Turn 10655 on
IceCv: ring of poison resistance rPois ,,,,,,,,,,,,,*,,,,* *,,
,,,,,,,,,,,,***...* **, ,,,,,,,,,,,** *..#* *, **,,,,,,,,,* ##.# *** *,*,,,,,***
*..# *,, ***,**,** *..# *** ****** *#.# ** ##.# *, #.@# ** #..# # ##.# * ##.## *
##...# # ****###...## # *,P##..#...# # ***,.....##..# # #,,,.........## # Turn
10942 on Lair:4: fizzy brown potion - lignification ,,,,,,...........#....#.##
#.. ,,,,,,.............P###.# **#.. ,,,,,,......)....#### ### *,#..
,,<,,,.......J...# **.#. ,,,,,,....†..§...# *#.. ,,,,,,.......WP..## *#.
,,,,,,.......#.J..# *,, ,,,,,,......###F..# **, ,,,,,,.....#* #.@## *,
**,,,,,....* ##.# *** *,*,,,,.#** #..# *,, ***,**,** #..# *** ****** ##.# **
##.# *, #..# ** #..# # ##.# * Turn 11499 on Lair:4: thank you rockslimes :)
....... ...§§§...l..... ....... ....§§§........# ####### #.....§§..........# ♣
#.....§§....#.....#♣ ♣ #....§.§...#....... #..........#.....# #................#
#..........@.....# #................# #P..............# ##.>............# ♣
##.............# ♣. ##............# ♣.† ............#.# ♣..♣ ...............#
#..♣ #............... k.♣♣ Turn 11870 on Lair:3: Book of Debilitation
..#♣...♣♣♣♣.♣.♣.♣.♣.♣.♣♣♣♣.♣.♣#.. ..#♣♣.♣♣ ♣...♣...♣...♣ ♣♣.♣♣#.. ..# ###
#####♣.♣##### ### #.# ..#♣♣.♣♣# ♣♣..♣♣ ♣.♣ #.P ..#.♣.♣.# ♣♣....♣♣ ♣.♣ #.#
..#.♣.♣.# ♣♣..♣♣†.♣♣ ##.###.. ..#.....# ♣♣..♣♣♣♣..♣♣ #...##..
..#.###.#♣♣..♣♣.##♣..♣♣ ##...##.. #.##...##♣..♣♣..@##♣..♣♣#.....#..
..##...##†.♣♣.#8"|#♣♣..♣#.....#.. ..#..≈.††.♣♣.♣..$##♣♣......≈..#..
..##...##♣♣.†♣♣.##♣♣..♣♣#.....#.. ..##...## ♣..♣♣♣♣♣♣..♣♣ #.(...#.. ..#.###.#
♣♣..♣♣♣♣..♣♣ ##...##.. #.#.....# ♣♣..♣♣..♣♣ #...# .. ###.♣.♣.# ♣♣....♣♣ ##.## ..
#.♣.♣.# ♣♣..♣♣ ♣.♣ .. Turn 12200 on Lair:3: Young Poisoner's Handbook .#♣♣.♣♣
♣...♣...♣...♣ ♣♣.♣♣#... .# ### #####♣.♣##### ### #.## .#♣♣.♣♣# ♣♣..♣♣ ♣.♣ #.P#
.#.♣.♣.# ♣♣....♣♣ ♣.♣ #.## .#.♣.♣.# ♣♣..♣♣†.♣♣ ##.###... .#.....# ♣♣..♣♣♣♣..♣♣
#...##... .#.###.#♣♣..♣♣.##♣..♣♣ ##...##... .##...##♣..♣♣...##♣..♣♣#.....#..P
.##...##†.♣♣.#8"@#♣♣..♣#.....#..# .#..≈.††.♣♣.♣..$##♣♣......≈..#...
.##...##♣♣.†♣♣.##♣♣..♣♣#.....#..# .##...## ♣..♣♣♣♣♣♣..♣♣ #.(...#... .#.###.#
♣♣..♣♣♣♣..♣♣ ##...##... .#.....# ♣♣..♣♣..♣♣ #...# ... ##.♣.♣.# ♣♣....♣♣ ##.##
... #.♣.♣.# ♣♣..♣♣ ♣.♣ ... ##♣♣.♣♣# ♣♣.♣ ♣.♣ ..# Turn 12215 on Lair:3: Staff of
poison .....#.....#..## .....#....###.## ........####...# .....##.###....#
......#..#.#..#.# ...............## ...............# ...............#
.......@.$.....# ...............# #.........#....# ...#(..P.###..## ....#....#
..# ...#.....P .. .........# P..###.... Turn 12782 on Lair:6: Condenser vane
###...# ##.....# #......# #..<..# #....J# ##....# ##JJ## ##..≈## ##≈@≈≈≈#
#≈≈≈≈≈J# ##≈≈≈≈≈# #≈≈≈≈≈# #≈##### ### Turn 13301 on Slime:1: 4 slime creatures
in a pool of water to the south. ##...... ##...... #.....# ##....### ##.......##
##.........## #...........# #.....##....# #.@.G####...# #........###.....#
.........##......# .........##..<..## .........##.....# .........###J.J.#
........## ##J.## ........# ##..≈## ##≈≈J≈≈# Turn 13318 on Slime:1: Great orb of
eyes .................... ........................ ........................
........................ ........................ ........................
...................J.J.. ...............J.J.JJJJ. ................@J.J....
..............JJ.JJJJJ.J ..............J.JJJJJJ.. ..............J...J.....
............J........ .................J.. ...............J...
.................. Turn 13352 on Slime:1: 30+ slime creatures in this area!
................................. ##.............G.................
#.G.JG........................... ##.J.J.J........G................
##....J.......J.................. .#...J...........................
....J..J......................... .................................
<...............@................ .....J...........................
..............#####.####......... .............##.##..##.##........
..........^.##...#.##...##....... ...........##...##..##..J##......
..........##....J.........##..... ..........##......J.......##.....
..........###............###..... Turn 14603 on Slime:5: Downhatch on 4th floor
leads to north of Royal Jelly vault. Note that a lot of enemies spawn in this
area so it may not be worth going through. # #### #P♣### ..8+)# ♣####### #8@8#
#...# #...# ## #..P# #.. #####...# #ZZZ##8..'...# #...+..###### #...+....#
#...#####.# Turn 16367 on Lair:6: murky puce potion - ambrosia ####### ###.♣####
#...@+)## ♣♣..♣####### ♣♣..♣♣###8.8# ♣...♣ #...# #P..# #...# ##P..# #..P#
#....#####...# #...##8..'...# ##...'..###### Turn 16418 on Lair:6: +0
executioner's axe of draining ##...'....# #...#####.# ##...'..#.## ##..'..#..#
####..##.# #...#.### #8.8#...# ##'####.## ##@.P≈#.^# #..≈≈≈##.# ....
#≈≈≈≈≈≈#.#....... #≈≈≈≈≈.#.#........ ##≈≈≈.##.#......... #++####.#.........
8..8##8.#......... ..YY#8..'......... ..Yp#.⌠.'......... Turn 16513 on Lair:6:
XISTRUO UTIFO - enchant armour ##...'....# #...#####.# ##...'..#.## ##..'..#..#
####..##.# #...#.### #8.8#...# ##'####.## ##@.P≈#.^# #..≈≈≈##.# ....
#≈≈≈≈≈≈#.#....... #≈≈≈≈≈.#.#........ ##≈≈≈.##.#......... #++####.#.........
8..8##8.#......... ..YY#8..'......... ..Yp#.⌠.'......... Turn 16514 on Lair:6:
XIUDUIH FICKA - immolation ##...'....# #...#####.# ##...'..#.## ##..'..#..#
####..##.# #...#.### #8.8#...# ##'####.## ##@.P≈#.^# #..≈≈≈##.# ....
#≈≈≈≈≈≈#.#....... #≈≈≈≈≈.#.#........ ##≈≈≈.##.#......... #++####.#.........
8..8##8.#......... ..YY#8..'......... ..Yp#.⌠.'......... Turn 16515 on Lair:6:
GITHEH BIQUWK - torment .......# .......... ........ .##....... ..#.......#
.......# .#...... #####.....+ ......## .#....## .#.... Y.F...# ......## .#
.......## ####......##.## ........#.#.#..........^.
....§............................ ..............†.@................
................................. ......#####......................
.......####..#.....#.#.##..#....# .......##.J..#....####..#.......P
.............#.....#...P#.##P.... ......#....................#.....
÷......##...J.......#.....#...... ......##..........#.............. Turn 16700
on Lair:6: Zot trap towards the center #.........)..))...........#
#......[).#####...........# #######.### #...........# ##.# #########'### #..#
#......# #.## ###+###### #####.#########.......... ####...........#.'...J[.....
...............#@#....>....y .P.............#.#..........
...............#.#........y. [PP.P..........#.#........y.
P..PPP.P.........#.......... .P..P.P........###.......... ......P.....####
###'##### P.P.....P...# ##.# .P........P## #..# Turn 17616 on D:9: Thank you
quicksilver ooze. :) .........###..........# ......)..))...........#
...[).#####...........# ###.### #...........# ##.# #########'### #..# #......#
#.## ###+######### ##.#########............ .........#.'...J@.......
.........#.#....>....... .........#.#............ .........#.#............
.........#.#............ .P.........#............ P........###............
P.....#### ###'######### ..P...# ##.# Turn 17629 on D:9: He had a hat of
stealth. :V #.............. #............## #.............. #.............. .
#..####)J##### .. #..####..#######... #.......)).....>... #..........).o..O..
#.#####...)@o...... #.#####............ #.................. #.<########........
#..# #........ #..# #........ #..########........ #..................
#........... Turn 17750 on D:10: two-headed ogre #..# ...# #..## .. ###..# ...
#|##.### #... #.#....## #########..# ##h##.#..## ..........####..H#.##..##
.........##$....@...##..# ..........####...####...# ........†..#.##.##.#..#.#
..............#.#....##.# .............##?##..##..# ##..#######...###......##
#..#######.#..#..#.#### ##..................# ............#.....### Turn 17892
on D:10: manticore in southeast .. ###..# ... #|##.### #... #.#....##
##########..# ##.##.#..## ...........####.††#.##..## #.........##$........##..#
#..........####...####...# #........†..#.##.##.#..#.# ...............#@#....##.#
..............##.##..##..# ###..#######...###......## #..#######.#..#..#.####
###..................# .............#.....### #################### Turn 17903 on
D:10: metallic pink potion - might ### ...# #..# ...# #..## .. ###..# ...
#@##.### #... #.#....## ##########..# ##.##.#..## ...........####.††#.##..##
#.........##.........##..# #..........####...####...# #........†..#.##.##.#..#.#
...............#.#....##.# ..............##.##..##..# Turn 17916 on D:10: staff
of fire #. #.############ # ........#...## .. .......#..≈≈###≈≈.
#.....#.≈..≈.≈..≈ #..§§.##≈.......≈ ## #....§§##≈.≈≈≈.≈# ..
#####...J.@§H..≈<≈... .. ...........##§Y≈≈≈.≈# .. ..........##≈.......≈ #
.########.# ≈..≈.≈..≈ #.#..≈≈###≈≈. ..# #.#...##.##.. ..# #.#####...###
#####..########..#####...# .........................# Turn 17985 on D:10:
catoblepas here alongside manticore .# .# .#########.? ..........#####
..........#...# ..........#...# ..........#...#####+####
....#####.#...#......... (...#####.#...#.@....... ..........#...#.........
......[...#...#......... ......#...#...#......... ......#...#'###.........
......#......^.......... ......#.....##.......... ......#.....##..........
......#.....##....####. Turn 18444 on D:11: fuming inky potion - magic
..##.....#.....#...># ..##.....#.....#....# ..##.....#.....#....#
...#.....#.....#....# ...#.....#†....#..[.##### ..##.....'†....#....#....
..########.....#....#... ..'.....########....#..# ..#.....# #@...#..#
..#(###.#...........#..# ..#.###.#...........#..# ..#.....#...........#..###..#
#+#.[...########c####.......+ ...............#(#..........#
....#.....###..###..........# ....#.....# #..##...#####...#
....#.....###.............<.# Turn 18592 on D:11: centaur warrior past a buckler
...#.....#†....#..[.##### ..##.....'†....#....#.... ..########.....#....#...
..'.....########....#..# ..#.....#.....##....#..# ..#(###.#...........#..#
..#.###.#...........#..# ..#.....#......)....#..###..#
#+#.[...########@####.......+ ...............#(#..........#
....#.....###..###..........# ....#.....# #..##...#####...#
....#.....###.............<.# ............................+
####+####..)...#####...... .# ........#....#.# ...... ........'....#.# ......
Turn 18607 on D:11: He was guarding 25 stones. ############ ..........$
#.......... #.......... #... #.......... ###.. #..[# #.......... .....##...#
#.#'####### ..........# #.#@....... ####......# #.#........
...#......####.#........ ...#...........#..(..... ...#...........#........
...#...........#.....### ...#.##..##'####+##### ...#.##..#....# .....##..#....#
Turn 18657 on D:11: Book of Minor Magic #.# #.# #...#.# #.# #.# #...#.# #†###.#
.. #.....#####.... ###........... #.........# #...###...# #.........#
#..@......... #............ #............ .............. #..............
#..#####...##.. #.. ...# .. ... .... Turn 18805 on D:11: unseen horror #.# #.#
#...#.# #.# #.# #...#.# #†###.# .. #.....#####.... ###........... #.........#
#...###...# #.........# #@........... #O........... .#######DT..........
#................... #.####.............. #..#####...##.. #..........# ..
............. ............... Turn 18824 on D:11: unseen horror alongside troll,
two-headed ogre, and eight-headed hydra #. #. ##. ..## #... ..## ..#####..#
.......<# ..####.@# #....# ##.### #.# #.# #.# #.# #.# Turn 19299 on D:12:
GYATOCZISEAF - silence ####### ......# #####.# ######## # #.###.##...#### #
#....#........## # #.#.##....##...####z #####....#......@.z.....
......###..####....##... .###.## #.#.# #J#.## ..#.#####.##....#.# <#.........
###.#.# .#.######.# #.#.# ...# ..# ..... .### ### ..#.. .# Turn 19738 on D:12:
skeletal warriors #########. ........... ......... ........... .........
.......... ......... ........ ........##########..#### ........................
........................ ####...################ #..@# #...# #...# #...# #.u.#
########## ..... ........... ...... .<.......... #####.. ............
............ Turn 20156 on D:13: purple ugly thing ........................
...############.######## ...##### ######.## .................#∆∆∆∆
.................#∆ ##############...+∆ #..##∆ ######..##∆∆∆∆ . .^......@#######
... ....∩........... ..... ######.######### ##### #.. #####. #.. ...... #..
...... #.. .#### +.. .# Turn 20389 on D:13: +2 pair of gloves
........#......#.....# ###.....#......#.....# ..#.....#......#.....#
..#.....#............# ..#.....#............# ..#.....#......#.....#
..#.....#......#..(..# ..#.....#......#.....# ..#.....#......#@....#
..#.....#......####### ..#)....#......#.....# ..#)....#......#...(.#
..#.....#......#.....# ..#..)..#......#.....# ..#.....#............#
..#.....#............# ..#.....#......#.....# Turn 21298 on D:14: GEK FOIVUURPHA
- brand weapon ###.. ..... ..... #... . #...#######.. #.○☼○.o.°....
#...uu†.°)... #.uuu@)..o... #.u#########. # Turn 21648 on D:15: Lots of ugly
things! ###.. ..... ..... #... . #...#######.. #.°○○o..).... #..uuu†.o)...
#..u.@)...... #.u#########. # Turn 21649 on D:15: Orc knight among the orcs too.
###.. ..... ..... # #... .. #...#######.p. #.......)....# #.○.†)†..)...#
#..°☼u@......# #.○#########.# # Turn 21661 on D:15: death knight #. ###.. .....
# ..... .### #... ..... #...#######..... #.......)°°..# #...†@†..○°.p#
#....<)...☼°.# #..#########.# #. # Turn 21673 on D:15: >The death knight
screams, "I'll kill you anyway!" #... #....... #...#######...... #.......)....#
#...†)†..).).# #....<)......# #..#########.# #.. #.# #. #.# #. #@# . #.# ## ###
Turn 21691 on D:15: WUAZATIENO - vulnerability ######## #############......##
#.................... #.######..........§.. #.# #...<.@≈≈≈≈.≈≈ #.#
#......≈#≈.≈≈≈ #.# #......≈≈≈§.§§ #.# #......≈§....§ #.# #......#≈..>.§ #.#
#......≈§....C #.######...#..≈≈≈...≈ #..........#..≈#≈≈≈≈≈ #.#######..# Turn
21813 on D:15: Stone giant by the Depths entrance ########
############......##### ......................## .######.........@≈.....# .#
#...<..≈≈≈☼○§§≈≈.. .# #......≈#≈☼○≈§#§.. .# #......≈≈○≈§§§≈§ . .#
#......§≈§§.°.≈≈. .# #......#§§○§..≈#.J .# #......≈§§....≈≈..
.######...#..≈≈≈..§§§§. ..........#..≈#§§≈≈≈ Turn 21826 on D:15: >The stone
giant falls into the lava! The stone giant is incinerated. #####... ########
....... ..o.... ....... ..o.. ....... Toy. #####.# #Oo# #.# #y.# #.# #@y#
#####.##########..# ..................# ################### Turn 21903 on D:15:
Whoa! There's a jamboree in the southeast. #+# ######## +@+ .......# #'#
..###..# #.###.# ..# #..# #.....# ..# #..# #####.# ..# #..# #.#
..###..#########.# .................# ...........#####.# Turn 22076 on D:15:
1012 gold for +2 crystal plate armour ≈≈.≈J≈≈≈≈≈≈.♣♣ ♣♣...≈≈.. ..≈§≈≈§§≈♣.♣♣
♣♣≈.♣♣♣♣♣ ...≈≈≈♣≈≈♣≈♣ ♣.≈.♣ .≈≈≈≈≈≈≈≈.≈♣ ♣♣.≈.♣♣ ♣..≈.>.≈.♣ ♣.≈..≈♣♣ ♣.≈≈...≈♣♣
♣.≈.≈≈≈♣ ......♣♣.≈.♣ ♣♣...≈≈.♣♣ ^.≈.. ♣♣≈.♣♣ ♣♣..♣<.≈≈.♣ .... ♣@..♣
♣≈≈≈♣♣♣...♣♣ ≈§H ♣...♣♣♣♣.♣♣ ♣♣.≈.♣ .. ♣.♣..♣♣..♣ ♣♣≈.♣ ♣ ♣.♣...♣.♣♣ ♣♣.♣
♣♣....♣.♣ ♣♣♣ ♣♣..♣≈.♣♣ ♣♣♣♣♣♣♣♣♣.≈.♣..♣ ♣≈♣♣.≈♣♣≈.≈♣.≈.♣ ♣≈.....≈.......♣ Turn
23292 on Swamp:1: bubbling emerald potion - berserk rage ♣.≈♣♣♣.....≈.>≈.
.≈≈♣....≈≈≈.♣..≈ ♣♣≈ ♣......≈≈.≈♣.≈ ♣♣.≈ ♣♣....≈<≈≈≈♣.≈ ♣♣♣..♣♣♣..≈§≈≈..)§≈.≈
♣♣...≈≈≈♣.≈≈≈≈...≈.≈≈≈ ♣....≈≈.≈.≈≈≈≈..≈≈.≈≈. ♣..≈≈.≈≈.§≈≈≈.≈.≈..
♣@§≈≈≈†.)≈≈.≈≈♣≈.♣ ♣..≈.≈≈≈♣♣≈§≈≈≈≈.♣ ♣♣≈≈≈..≈§♣≈≈≈≈≈≈≈♣ ♣.<≈§≈≈≈≈≈.≈≈.≈
♣..♣≈..≈≈♣..... ♣♣.§≈≈≈≈≈≈≈≈≈≈ ≈≈≈≈..≈≈≈≈≈≈ ♣♣≈.≈≈§≈≈≈≈. ♣.≈.≈≈ .≈ Turn 23766 on
Swamp:2: Book of Lightning .≈≈ ≈. ..≈≈ ♣.≈≈ ♣♣≈.§≈ .≈≈ ♣♣♣ ♣♣♣♣≈.....
≈J♣♣♣♣.♣♣♣≈........ ♣♣ ♣≈≈♣≈..≈♣..≈≈§≈≈≈. ≈♣ ♣§.........≈≈≈≈.≈≈
.♣♣♣♣♣♣♣♣.≈..≈≈§≈≈.♣♣ .≈♣♣≈<..≈....§≈≈@≈..♣ ≈^≈.≈≈....≈≈.≈≈≈§.†♣♣
≈..≈≈.♣.....♣≈≈≈≈≈..♣ ≈..♣♣....♣♣♣.≈≈§≈≈≈§≈..≈≈w ≈≈♣♣♣^≈≈≈≈♣♣.§≈≈≈≈≈≈≈≈≈≈≈≈ ≈≈♣
♣♣≈≈≈.♣♣≈.≈≈≈≈§≈≈≈.≈≈≈ ≈.♣♣♣≈.≈≈.♣♣♣♣≈≈≈≈≈≈≈≈≈≈≈≈ ♣.§≈≈♣≈♣♣♣♣ ♣♣≈≈≈...≈≈.≈.
.≈≈≈≈♣♣♣ ♣.≈≈>..>.≈≈≈ Turn 24333 on Swamp:3: That was a close call with a
shambling mangrove. ♣♣≈..≈≈≈≈≈.♣≈.≈≈≈..≈≈≈≈♣♣ ♣.<.≈≈≈≈≈≈...≈≈≈≈≈.≈≈≈♣
♣.....≈≈≈.≈≈.≈≈≈≈♣.≈≈≈♣ ♣♣..≈♣♣...§§≈♣♣♣♣..≈≈≈♣ ♣ ♣.≈≈..≈♣♣..≈♣♣ ♣≈≈≈.♣♣♣♣
♣.≈≈≈†.♣♣♣♣♣♣♣♣ ♣♣♣♣♣≈≈♣≈ ♣≈≈≈§..♣♣ ♣≈♣ ♣≈... ♣♣..♣♣♣≈♣♣ ♣♣.♣♣♣♣♣♣♣♣.≈. ♣...♣
♣♣@♣♣♣..≈♣♣≈<..≈†.. ♣.≈≈♣ ♣♣≈♣≈.≈.≈.†≈....≈≈ ♣≈≈.♣ ♣♣≈.<.≈..≈≈.♣..... ♣≈≈♣♣
♣.≈≈.≈≈..♣♣....♣♣♣ ♣♣≈.♣ ♣♣≈≈≈.≈§n♣♣♣^≈≈≈≈♣♣ ♣§≈≈♣ ♣≈≈≈≈..≈≈♣ ♣♣≈≈≈.♣♣ ♣♣.≈♣
♣.≈≈≈.≈≈.♣♣♣≈.≈≈.♣♣ ♣♣♣♣ ♣≈≈≈≈.≈♣.≈≈≈♣≈♣♣♣♣ ♣≈...≈n.≈≈≈≈♣♣♣ Turn 24668 on
Swamp:3: ghoul #.≈[≈≈.≈.#.≈.≈≈≈.≈≈♣♣♣≈§≈≈≈.... #...)≈.≈.#♣≈..≈≈..≈♣♣♣≈.≈.≈♣♣.≈
#≈≈##≈§§##.≈###♣.≈≈.♣♣♣≈♣♣♣♣♣.. #≈.###.##..## ♣♣≈≈≈♣♣♣♣♣ ♣♣♣ #≈≈§≈###≈.####
♣..≈.♣ ♣≈ ##≈..≈≈≈.###.## ♣♣.≈.♣♣ ♣♣ #♣≈.≈≈.###≈.≈##♣♣...≈♣ ♣♣
##.#####.§≈..#♣≈≈≈≈♣♣♣ ♣. #..#...≈≈.≈@#♣≈≈≈≈..♣ ♣♣♣≈ #...≈.≈.....#♣♣≈≈≈..♣ ♣.≈≈
##≈.≈#♣♣.≈♣##♣≈...♣♣♣♣♣♣♣≈≈≈ ##### ##≈# ♣♣≈..♣♣♣.≈.♣≈≈≈≈ ### ♣≈≈.≈♣♣♣.≈♣♣≈≈≈<
♣..§§≈≈♣♣≈≈≈≈≈.§ ♣♣♣.≈≈≈≈.♣♣♣§♣≈≈ ♣≈.≈≈≈.♣ ♣♣♣♣♣ ♣♣.≈≈≈♣♣ Turn 26066 on Swamp:4:
I made enough noise to attract basically everything but a couple thorn hunters
and a swamp worm outside of the rune vault. ##### #...##### ###......).
#.....$.... ###.#........ #...8...>.... #.#.......... #....@∩....# #........###
##..<...8# #...†.### #.....# ###.### #.. ...# ##### Turn 26730 on Snake:2:
amulet of guardian spirit nearby shock serpent and mana viper and shop #.# ..
#............ ... ##.###................ #.# #...#.#...N...........
#.###.#...#.#.#....N...... ####.##..#.##.##...........###
#..........#.##...#..........## .........#............†....# ..#
...........####............###..# ..........#####.@J....†......##..
..........†..>.†................. ........#######.............####. ........#
##.##.....>........ ........# #..##......#######. ...)....# #..######### #.
........# #####..##### #. ........# #..........# #. ........# #..........# #.
Turn 27638 on Snake:3: Jorgrun the azure jelly is doing work!
.#..................♣≈♣≈≈≈.P.## .................#♣...≈≈♣P..##
..........###...###...♣...#### ...N...................###...##
.......................##.....## ............)##........#.......#
##..N..>...............#.......# ##......#..####................# ############
#.@.†...........## ##### #.[).....#.......# ....# #...<....#.......# ....#
#........#.......# ....# ###########.....## ...># ##...## ....# ##### †...#
#.##### Turn 28454 on Snake:3: rN+ kite shield taken from naga warrior
##.........................# ...........................#
...........................## ...................(........#
#.......#####.########......# ##.######...###..#...+........ #.#
..............##....... #.# .........(.....#....^.. ..# .........@....##.......
..# ...............#....... .... ...............+....... ....
S....###.#..####....... ≈≈≈## ###### ...... ≈≈ ..### ≈ ### Turn 28756 on
Snake:4: Book of the Wilderness #................. .... #................. ....
#................. .... #.)#######'####### #### #..# #......# #..# #.####.# #..#
#.#≈≈#.# #..# #.#≈≈#.# #..# #@#≈≈#.# #..# #.####.# #..# #......# #..# ########
#..# #..###################### #........................
#........................ ######################### Turn 31061 on Vaults:1: the
Unrestrained Analects ###.<...### #.).....'.# ###)....### #.'.......#
###.....### #####'####### #°......+ #.......# #...@...# #######.......#
......'.....).'... ......'.......#... ......######### .. ...... . ...... .....
.>... Turn 32362 on Vaults:2: Tengu reavers are nasty!
................................. ##############'##################
#.............# #.#.#.###.#.#.# ## ###### #.#.#.#.#.#.#.#.. #....#
#.#####§#####.#. #....# #.# ☼§○ #.+ #####''#####.###g# #)# #..#[...#..#...@g#
#)# #..#...[#..#.###○# #.# #..#....#..#...#o.. #)# #..#....#..#.###########)#
#..##')##.[#.#.#.#)#.#.).# #......[.[[).#.#.#.#.###)# #..........'.............#
########################## Turn 33558 on Vaults:2: orc warlord in southern
vaults .J....# #.#.#.################ #.#.#.#.......#...... #####.#.......#.....
#...#.....#...#.... #.###.#..#.#..#...# # ....#.#...#...#...#.#
#.###.#.......#.p).#..# [...#.#.......#J@J....# #####.########...c....#
#.#...#........######## #.###.#........# ......#........# #######...##...# ..
.#..# . ##...# ...# Turn 33860 on Vaults:2: FIRST LICH KILL
####.......§§§§§§.§§§.)......... ####.......§§§§§.§§§............
####.......§§..§§§§§............ ####.......§§§§§§§§.............
####.......§§§§§...§....#....... ####....[..§§...................
####....#....................... #####...........................
#######........@.......)........ #######........°................
###########....○.....#.......... ###############°................
################################ ################################
################################ ################################
################################ Turn 36174 on Desolation: >Your orb of
destruction hits an endless expanse of salt. ############## ##############
###########... ########...... .. . ########...... .. .. ######........ . .§§
#####........##. §..§ ####.......##..###§§.§§ ###.......#..§..@.§##.#
###§.....##....§§.§§... ###§.....#§.§.§...§§... #§§§..§...§.§§§§§§#......
#§..§§§§§#§§§..§§##...... #...§§§§§§§§§§§§§####.... ....§§§§§§###§§##..).....
...§§§§§§§§§.#.#.......... ..§§§§§§§.§.§#............ Turn 36912 on Desolation:
Reference Book on Ignition: Ignite Poison, Starburst, and Fire Storm
...#..8........# 9§§. ...............# .§§. ....8.8....8.8.##§§.§
.................§§.§ ........##......§§§.§ .........#...)..§§§.§
.§.............§§§§§§... ##..8.8....8.8§#§..§§§.# ...............#@.....§.
......8....8...#§...§§§. ..##..........##........ ..##.........#..##.....#
..................#....# .8..............8.#..##. ..................##.#.
..................#.... ....#..#..#..#.......# Turn 37255 on Desolation:
Grimoire of Calling: Monstrous Menagerie ........#...........#......§
....8...#...............#..§ .......##...................
......#..##.....#..#.......§ ...........#....#...........
.........8.#..##...)##..#.#. ...........##.#......#..# ...........#.............
#..#..#.......#.@..".... §..........#............ §§§.............##......
§§§.§............ ...... §§§..§........... ..... §................. .....
§§§§§............. .... §§§§§......#.... .... §§§§§§#........ Turn 37330 on
Desolation: Volume of Air ........######.'.# ........# #.'.##'##
........###'#'#...# ........##..#.#...# ........##..###...# ........##### #####
........#...# #### ............###..# ........#..###[.@# +########.###...## ..
#.##...## ... #.#...## .... #..#.## ..c.# #...## .^.c# #..... .p..# ####### Turn
37809 on Vaults:4: Book of Blood .# #.#8..#.#.#.#.#.# ...$ .# #.#..............
. #.$ ## ########.#⌠..##.##.##.p.$..##. #......#.#............###.....
#<.....#.#8...8#...####.....#. #......#.###'####'##⌠...#####.
#......#...#::⌠#8..#.....8.8.$ #..[...'..©#":_#©..'.........|
#......#...#[@⌠#8..#.....8.8.$ #......#.###'####'## ...#####.
####.?....#.#8..§8#.).####.....#. ...#......#.#....).†.....###.....
..†'......#.#⌠..##.##.##......##. ...########.#................ #.$ ...#
#.#8..#.#.#.#.#.#: ...$ ...# #.##################### ...#
#...................... Turn 39175 on Vaults:4: Book of the Hunter .#
#.##################### .# #.#8..#.#.#.#.#.# ...$ .# #.#.............. . #.$ ##
########.#⌠..##.##.##.p.$..##. #......#.#............###.....
#<.....#.#8...8#...####.....#. #......#.###'####'##⌠...#####.
#......#...#..⌠#8..#.....8.8.$ #..[...'..©#"@_#©..'.........|
#......#...#[.⌠#8..#.....8.8.$ #......#.###'####'## ...#####.
####.?....#.#8...8#.).####.....#. ...#......#.#....).†.....###.....
..†'......#.#⌠..##.##.##......##. ...########.#................ #.$ ...#
#.#8..#.#.#.#.#.#: ...$ ...# #.##################### Turn 39183 on Vaults:4:
Book of Touch ...#..⌠#8..#.....8.8..♣#..#..#.#.
..©#"._#©..'.........|⌠#©...#.#.# ...#[.⌠#8..#.....8.8..♣#..##.#.#.
.###'####'##⌠...#####..#.##.#.#.# .#8...8#.).####.....#..#.###.#.#.
.#....).†.....###.....8#.##.#.#.. .#⌠..##.##.##......##..#.########
.#.................#...#.# .#8..#.#.#.#.#.#@#....©#.# .#######################.#
.........................# #### ########################## #... #... #.#+
############## ###≈ #............##########≈ ###.J......###......#.#+ Turn 39233
on Vaults:4: Everburning Encyclopedia ,..#,#..,..#,#..,,,*,*,*,,,,#....
##.#,#.###.#,#.#**,*,*,*,,,,#.... ....,.......,...,,,,,,,*,,,,#...#
.#.###.#.#.###.#,#.#**,#,,,,#...9 .#.....#.#...D.#.#..,,.#,,,,#...#
.#.###.#.#.###.#.#.###.#,,,,#.... .......................#,,,,#...#
##.#.#.###.#.#.###.#.#,*,,,,#.... ...#.#.....#.#..@..#.#,*,,,,#C...
##.#.#.###.#.#.###.#.#.#,,,,#...# .......................#,,,,#....
.#.###.#.#.###.#.#.###.#,,,,#...# .#.....#.#.....#.#D....#,,,,#..m.
.#.###.#.#.###.#.#.###.#.,,,#...# .....................D....,,.....
######################....,,,,*** ............^,,,,,,,,,,,..,,,,,,, Turn 39998
on Vaults:5: staff of conjuration ....#.#.....#.#.....#....#....,,,
###.#.#.###.#.#.###.#....#...#.*, ....................#,,,,#.......
#.#.###.#.#.###.#.#.#,,,,#...#... #.#.....#.#.....#.#.#,,,,#.......
#.#.###.#.#.###.#.#.#,,,,#....... .........Qo.........#,,,,#...#...
###.#.#.###.#.#.###.#,,,,#...9.#. ....#.#.....#.#.@)[.#,,,,#...#...
###.#.#.###.#.#.###.#,,,,#.....#D ....................#,,,,#...#...
#.#.###.#.#.###.#.#.#,,,,#....... #.#.....#.#..|..#.#.#,,,,#C......
#.#.###.#.#)###.#.#.#,,,,#...#... ....................#,,,,#.......
###.#.#.###.#.#.###.#,,,,#...#.#. ....#.#...§§#§#.....#,,..#..m.... Turn 40399
on Vaults:5: pink potion - resistance #..#####......####.. #..#................
#..#......####...... #..#....#..###....#. #..#...##.).##...##.
#..#..###....#..###. #..#.####......####. #..#.....####......#
#..@#....###..#....# #...##...##...##...# #...###..#....###..# #...####......#
##.. #.......#######***## #..............,,,,, #..............,,,,,
#..............,,,,, #..............,,,,, Turn 40716 on Vaults:5: Super stealthy
now. B) ##.######....#....(.### #...#.##.J...##...§...##
##..........###........# ##.##.....## ##......### #####.....###......##.##
##.............J...### #..........#..##....# ##.##......#####..#### ###..@...##
#.....## ###........#####....... ##...........#..........
#......#................ #......#................ ####....#####.........##...
#..#....# #.......#####... ###.....####..........#....
##.##....##................ Turn 43401 on Orc:2: This glaive of venom is kicking
my ass.

Levels and vault maps discovered:
D:1:      heliophobic_arrival_glass_houses, layout_basic,
          shapermc_ecumenical_altar_petra
D:2:      layout_loops_ring, uniq_jessica
D:3:      kennysheep_the_goblin_king, layout_basic,
          mainiacjoe_overflow_alcove_2, serial_shops, nicolae_lakefront_shop,
          kennysheep_generic_room_2, uniq_natasha
D:4:      layout_loops_cross, gammafunk_ghost_stat_death, uniq_menkaure
D:5:      layout_gridville, minmay_temple_entry_statues,
          minmay_chambers_of_fives
D:6:      layout_cave_pools, chequers_temple_overflow_statue_of_worship,
          nicolae_gozag_cash_rules_everything_around_me, kennysheep_doodads
D:7:      layout_basic, mainiacjoe_overflow_paths, lemuel_doored_altar,
          enter_ossuary_3, nicolae_concentric_dashed_squares_wild,
          nicolae_water_bricks, nicolae_shop_overcharged_wands,
          uniq_crazy_yiuf_cottage
D:8:      layout_cave_pools
D:9:      layout_roguey, dk_yredelemnul_ordeal, mainiacjoe_overflow_big_doors,
          due_lair_maze_entry_diamond, glass_columns_a, uniq_gastronok
D:10:     nzn_motion_control, layout_long_grid, okawaru_gym_becter,
          minmay_fractal_squares_gapless_5
D:11:     layout_stronghold, minmay_microvault, uniq_fannar
D:12:     layout_loops_ring, david_orc_4
D:13:     layout_long_grid, david_vaults_1, enter_trove_6, serial_shops, shop
D:14:     layout_grid_maze
D:15:     grunt_enter_depths_giant_problem, layout_small_grid, serial_shops,
          nicolae_shop_behind_doors, nicolae_qazlal_style_of_elements
Temple:   pf_slime_end_temple
Lair:1:   layout_regular_city, chequers_serial_rivers_room_a
Lair:2:   layout_regular_city, gammafunk_ghost_berserking_beasts
Lair:3:   nzn_winding_woodlands_large [nzn_winding_woodlands_5x5_closed_star,
          nzn_winding_woodlands_5x15_sidewinder,
          nzn_winding_woodlands_5x5_open_star,
          nzn_winding_woodlands_center_garden,
          nzn_winding_woodlands_15x15_thick_spiral,
          nzn_winding_woodlands_center_pierced_h,
          nzn_winding_woodlands_hourglass, nzn_winding_woodlands_5x15_longhouse,
          nzn_winding_woodlands_5x5_default], layout_gridlike, swamp_mist,
          guppyfry_snake_entry_garden, infiniplex_staircase_pool, uniq_nergalle
Lair:4:   layout_cave_pods, portal_ice_cave_rime, serial_bayou_shore_b,
          uniq_josephine
Lair:5:   layout_roguey, nicolae_slime_entry_slimehenge
Lair:6:   due_jungle_book, layout_regular_city, uniq_snorg
Swamp:1:  layout_falls_marsh, nicolae_swamp_treefoil, uniq_kirke
Swamp:2:  layout_falls_marsh, evilmike_swamp_ruin_house_2
Swamp:3:  layout_basic_swamp, nicolae_swamp_ascending_descending, swamp_pool5,
          nicolae_swamp_trees_clearing
Swamp:4:  swamp_basic_johnstein, layout_basic_swamp, swamp_pool1
Snake:1:  layout_rooms, serial_bayou_ford_a
Snake:2:  layout_misc_corridors, grunt_ministairs_2, nicolae_stop_n_shop_1
Snake:3:  layout_rooms, serial_bayou, serial_bayou_shore_b, serial_bayou_pond_a,
          serial_bayou_crossing, serial_bayou_pond_a, serial_shops,
          nicolae_shop_behind_doors, serial_bayou_lake_a, minmay_shoptagon,
          uniq_jorgrun
Snake:4:  johnstein_snake_rune_scales, layout_cave_town, basic_altar,
          serial_bayou_shore_a
Slime:1:  layout_caves, nicolae_slime_phagocytosis
Slime:2:  layout_caves
Slime:3:  layout_caves
Slime:4:  nicolae_slime_pool, layout_caves, cheibrodos_slime_lost_civilization_7
Slime:5
Orc:1:    layout_diamond_mine, uniq_erica
Orc:2:    st_orc_mages, layout_diamond_mine, uniq_rupert
Elf:1:    eino_elf_arrival_altar, layout_geoelf_octagon, minmay_elf_demonology,
          nicolae_elf_martial_mastery
Elf:2:    nicolae_elf_blades_splatter_lattice [nicolae_blade_lattice],
          layout_rooms, serial_shops, nicolae_lakefront_shop, minivault_16,
          uniq_roxanne
Elf:3:    grunt_elf_hall_diamonds, layout_geoelf_octagon, st_stairs_3, drop_trap
Vaults:1: vaults_room_ringed_pool, nicolae_vaults_theta, v_misc_9,
          vaults_dpeg_spiral, vaults_room_guarded_vault,
          nicolae_vaults_asterisk, nicolae_vaults_network_s,
          hangedman_vaults_trim, vaults_dpeg_encased_lava,
          nicolae_vaults_little_ls, layout_vaults_omnigrid
Vaults:2: gammafunk_ghost_mausoleum, vaults_room_large_hall,
          nicolae_vaults_network_square, vaults_room_fours,
          vaults_standard_mumra_lines, nicolae_vaults_c_with_doors,
          vaults_room_door_hall, vaults_standard_mumra_enter_the_diamond,
          hangedman_vaults_corner, nicolae_vaults_little_squares_4,
          layout_vaults_ring, uniq_mara
Vaults:3: dpeg_vaults_monster_box, v_misc_11, minmay_crypt_entry_necro_gods,
          hangedman_vaults_nodes, v_misc_33, hangedman_vaults_slither,
          hangedman_vaults_stream, ontoclasm_vaults_bender, st_more_cells,
          nicolae_vaults_diagonal_hallway_9, grunt_vaults_hallway_short,
          layout_vaults_maze, serial_shops,
          nicolae_shop_temple_entry_statues_fountains
Vaults:4: portal_desolation_entry_holy_temple, v_pattern_1,
          nicolae_vaults_three_branches, gammafunk_sealed_library,
          hangedman_vaults_river_flow, ontoclasm_vaults_decontamination,
          ontoclasm_vaults_chip, vaults_room_large_hall,
          ontoclasm_vaults_misaligned, nicolae_vaults_little_squares_6,
          hangedman_vaults_variations, nicolae_vaults_what_the_h,
          vaults_room_fancy_cross, layout_vaults_omnibox
Vaults:5: serial_shops

Skill      XL: |  1  2  3  4  5  6  7  8  9 10 11 12 13 14 15 16 17 18 19 20 21 22 23 |
---------------+----------------------------------------------------------------------+-----
Air Magic      | 5 6 7 8 10 12 13 14 | 14.0
Fighting       | 1 3 4 6 8 10 11 12 13 14 15 16 17 18 19 | 19.8
Staves         | 2 3 5 7 10 12 | 12.3
Evocations     | 1 3 5 6 |  6.0
Spellcasting   | 3 4 6 8 9 11 | 11.0
Dodging        | 3 6 8 10 11 13 14 15 16 17 18 19 | 19.4
Stealth        | 3 4 6 8 9 10 12 | 12.0
Conjurations   | 6 9 11 13 14 15 17 19 21 | 21.0
Shields        | 3 6 8 10 11 12 13 15 16 | 16.0
Armour         | 3 |  3.3

Action                   |  1- 3 |  4- 6 |  7- 9 | 10-12 | 13-15 | 16-18 | 19-21 | 22-24 || total
-------------------------+-------+-------+-------+-------+-------+-------+-------+-------++-------
Melee: Unarmed           |     2 |       |       |       |       |       |       |       ||     2
       Kick              |     1 |     3 |    73 |   166 |   335 |   335 |   499 |   201 ||  1613
       Staff             |     1 |     9 |   206 |   437 |   670 |   610 |   876 |   448 ||  3257
       Peck              |       |     1 |    49 |   113 |   228 |   192 |   294 |   143 ||  1020
       Punch             |       |       |     2 |     3 |       |       |       |       ||     5
       Headbutt          |       |       |       |    60 |   228 |    36 |   167 |   141 ||   632
       Pseudopods        |       |       |       |       |       |   157 |   302 |   152 ||   611
       Bite              |       |       |       |       |       |       |    64 |    77 ||   141
Throw: Dart              |       |       |       |       |       |       |     1 |       ||     1
 Cast: Shock             |    28 |    46 |    42 |    36 |    32 |    22 |    15 |       ||   221
       Static Discharge  |     7 |    33 |    50 |    87 |   192 |   106 |   124 |    29 ||   628
       Airstrike         |       |       |    38 |   107 |   135 |   206 |   174 |    74 ||   734
       Swiftness         |       |       |     1 |       |       |       |       |       ||     1
       Poisonous Vapours |       |       |       |       |    68 |   139 |    79 |    44 ||   330
       Mephitic Cloud    |       |       |       |       |    18 |    60 |   112 |    14 ||   204
       Lightning Bolt    |       |       |       |       |       |   204 |    38 |    11 ||   253
       Orb of Destructio |       |       |       |       |       |       |   109 |    52 ||   161
       Freezing Cloud    |       |       |       |       |       |       |     4 |    14 ||    18
       Conjure Ball Ligh |       |       |       |       |       |       |       |     3 ||     3
Invok: Slimify           |       |       |       |       |       |     2 |     1 |     1 ||     4
       Oozemancy         |       |       |       |       |       |     1 |     4 |     5 ||    10
Evoke: Wand              |       |       |     1 |     4 |     6 |     8 |     1 |     2 ||    22
       Condenser vane    |       |       |       |       |     1 |     1 |       |       ||     2
  Use: Scroll            |       |     6 |     6 |     8 |    12 |     7 |    10 |     7 ||    56
       Potion            |       |       |     5 |     1 |     1 |     2 |    13 |       ||    22
 Stab: Sleeping          |     1 |     1 |    12 |     4 |     3 |     1 |     8 |    11 ||    41
       Distracted        |       |       |     1 |     1 |       |     1 |     2 |     2 ||     7
       Paralysed         |       |       |       |     5 |       |       |       |       ||     5
       Confused          |       |       |       |       |     2 |    55 |   111 |     7 ||   175
Armor: Robe              |     3 |     6 |    42 |    50 |    65 |   104 |    65 |    37 ||   372
       Skin              |       |       |       |       |    18 |       |       |       ||    18
Dodge: Dodged            |     4 |    27 |   164 |   414 |   526 |   748 |   604 |   226 ||  2713
Block: Other             |       |       |       |    22 |       |       |       |       ||    22
       Kite shield       |       |       |       |   131 |   881 |   583 |   608 |   262 ||  2465
